 Dungeon Crawl Stone Soup version 0.26-a0-597-gb535b0901c (webtiles) character file.

Game seed: 546835311299836659

1896241 Sar the Grim Reaper (level 27, 313/313 HPs)
             Began as an Octopode Warper on Aug 24, 2020.
             Was the Champion of Yredelemnul.
             Escaped with the Orb
             ... and 4 runes!
             The game lasted 04:01:26 (111010 turns).

Sar the Grim Reaper (Octopode Warper)             Turns: 111010, Time: 04:01:27

Health: 313/313    AC: 23    Str: 22    XL:     27
Magic:  47/49      EV: 36    Int: 15    God:    Yredelemnul [******]
Gold:   3339       SH: 42    Dex: 26    Spells: 44/46 levels left

rFire    + + +     SeeInvis .   a - +9 demon trident (freeze)
rCold    + + .     Faith    .   H - +8 tower shield {AC+3}
rNeg     . . .     Spirit   +   k - +2 hat {MR+}
rPois    +         Reflect  .   W - brooch of Shielding {Spirit SH+8}
rElec    +         Harm     .   Z - +4 ring of protection
rCorr    +                      X - +4 ring of protection
MR       +++..                  S - ring "Ararueph" {rElec rC+ Str+4 Dex+4}
Stlth    ..........             J - +4 ring of slaying
HPRegen  1.02/turn              T - +4 ring of protection
MPRegen  0.31/turn              f - ring "Diang" {rPois rF++ MR- MP+9 Dex+3}
                                x - ring "Foxzycs" {rElec MR+ Str+2 Stlth+}
                                u - +4 ring of protection

@: mighty, brilliant, berserking, resistant, injury mirror, stab, very slightly
contaminated, hasted, wreathed by umbra, studying 2 skills, invisible, very
quick
A: almost no armour, stealthy swim, amphibious, 8 rings, constrict 8, beak,
rugged brown scales 1, camouflage 2, sense surroundings 1, regeneration 1,
gelatinous body 1
0: Orb of Zot
}: 4/15 runes: barnacled, slimy, silver, gossamer
a: Recall Undead Slaves, Injury Mirror, Animate Dead, Drain Life, Enslave Soul,
Renounce Religion


You escaped.
You worshipped Yredelemnul.
Yredelemnul was exalted by your worship.
You visited 13 branches of the dungeon, and saw 59 of its levels.
You visited 1 bazaar.
You also visited: Ice Cave and Wizlab.

You collected 16661 gold pieces.
You spent 13322 gold pieces at shops.


Innate Abilities, Weirdness & Mutations

You cannot wear most types of armour.
You are very stealthy in the water. (Stealth+)
You are amphibious.
You can wear up to eight rings at the same time.
You can use your tentacles to constrict eight enemies at once.
Your skin blends seamlessly with your surroundings (Stealth++).
Your rubbery body absorbs attacks. (AC +1, EV +1)
You have a beak for a mouth.
You are partially covered in rugged brown scales. (AC +1, +3% HP)
You passively map a small area around you.
Your natural rate of healing is unusually fast.


   Skills:
 - Level 20.4 Fighting
 - Level 22.3 Polearms
 - Level 1.0 Throwing
 - Level 22.5 Dodging
 - Level 19.0 Stealth
 + Level 24.3 Shields
 - Level 10.0 Spellcasting
 - Level 3.0 Translocations
 O Level 27 Invocations
 - Level 6.0 Evocations


You had 44 spell levels left.
You knew the following spells:

 Your Spells              Type           Power        Failure   Level
b - Blink                 Tloc           N/A          4%          2

Your spell library contained the following spells:

 Spells                   Type           Power        Failure   Level
 Gell's Gravitas          Tloc           ###.......   9%          3
 Lesser Beckoning         Tloc           ###.......   9%          3
 Teleport Other           Tloc           ###.....     9%          3
 Beastly Appendage        Tmut           ##....       11%         1
 Corona                   Hex            ##.....      11%         1
 Foxfire                  Conj/Fire      ##..         11%         1
 Freeze                   Ice            ##..         11%         1
 Pain                     Necr           ##..         11%         1
 Shock                    Conj/Air       ##..         11%         1
 Sting                    Tmut/Pois      ##..         11%         1
 Summon Small Mammal      Summ           ##..         11%         1
 Call Imp                 Summ           ##......     16%         2
 Corpse Rot               Necr/Air       N/A          16%         2
 Ensorcelled Hibernation  Hex/Ice        ##....       16%         2
 Passwall                 Tmut/Erth      ##......     16%         2
 Poisonous Vapours        Pois/Air       ##....       16%         2
 Searing Ray              Conj           ##....       16%         2
 Slow                     Hex            ##......     16%         2
 Sublimation of Blood     Necr           ##........   16%         2
 Swiftness                Air            ##......     16%         2
 Wereblood                Tmut           ##......     16%         2
 Portal Projectile        Hex/Tloc       ###...       17%         3
 Call Canine Familiar     Summ           ##......     30%         3
 Confusing Touch          Hex            ##......     30%         3
 Conjure Flame            Conj/Fire      ##......     30%         3
 Dazzling Flash           Conj/Hex       ##....       30%         3
 Frozen Ramparts          Ice            ##....       30%         3
 Ignite Poison            Fire/Tmut/Pois ##......     30%         3
 Inner Flame              Hex/Fire       ##......     30%         3
 Mephitic Cloud           Conj/Pois/Air  ##......     30%         3
 Ozocubu's Armour         Ice            ##......     30%         3
 Spider Form              Tmut/Pois      ##........   30%         3
 Static Discharge         Conj/Air       ##......     30%         3
 Summon Guardian Golem    Hex/Summ       ##......     30%         3
 Tukima's Dance           Hex            ##......     30%         3
 Passage of Golubria      Tloc           N/A          30%         4
 Iskenderun's Mystic Bla  Conj/Tloc      ###.....     50%         4
 Airstrike                Air            ##........   71%         4
 Animate Dead             Necr           ##........   71%         4
 Cause Fear               Hex            ##........   71%         4
 Dispel Undead            Necr           ##......     71%         4
 Fulminant Prism          Conj/Hex       ##........   71%         4
 Hailstorm                Conj/Ice       ##......     71%         4
 Ice Form                 Ice/Tmut       ##......     71%         4
 Leda's Liquefaction      Hex/Erth       ##........   71%         4
 Olgreb's Toxic Radiance  Pois           ##......     71%         4
 Petrify                  Tmut/Erth      ##......     71%         4
 Sticky Flame             Conj/Fire      ##......     71%         4
 Summon Ice Beast         Ice/Summ       ##......     71%         4
 Summon Lightning Spire   Summ/Air       ##......     71%         4
 Summon Forest            Summ/Tloc      ###.......   83%         5
 Agony                    Necr           ##......     96%         5
 Alistair's Intoxication  Tmut/Pois      ##.......    96%         5
 Blade Hands              Tmut           ##........   96%         5
 Bolt of Magma            Conj/Fire/Erth ##........   96%         5
 Borgnjor's Vile Clutch   Necr/Erth      ##........   96%         5
 Excruciating Wounds      Necr           ##........   96%         5
 Fireball                 Conj/Fire      ##........   96%         5
 Irradiate                Conj/Tmut      ##........   96%         5
 Iskenderun's Battlesphe  Conj           ##......     96%         5
 Lightning Bolt           Conj/Air       ##........   96%         5
 Metabolic Englaciation   Hex/Ice        ##........   96%         5
 Summon Demon             Summ           ##........   96%         5
 Summon Mana Viper        Hex/Summ       ##......     96%         5
 Yara's Violent Unravell  Hex/Tmut       ##........   96%         5
 Dispersal                Tloc           ###.......   99%         6
 Conjure Ball Lightning   Conj/Air       ##........   100%        6
 Death Channel            Necr           ##........   100%        6
 Eringya's Noxious Bog    Tmut/Pois      ##........   100%        6
 Freezing Cloud           Conj/Ice/Air   ##........   100%        6
 Hydra Form               Tmut           ##........   100%        6
 Iron Shot                Conj/Erth      ##........   100%        6
 Ozocubu's Refrigeration  Ice            ##........   100%        6
 Shadow Creatures         Summ           N/A          100%        6
 Simulacrum               Ice/Necr       ##........   100%        6
 Starburst                Conj/Fire      ##........   100%        6
 Statue Form              Tmut/Erth      ##.......    100%        6
 Dragon Form              Tmut           ##........   100%        7
 Orb of Destruction       Conj           ##........   100%        7
 Spellforged Servitor     Conj/Summ      ##........   100%        7
 Summon Hydra             Summ           ##........   100%        7
 Discord                  Hex            ##........   100%        8
 Disjunction              Tloc           ###.......   100%        8
 Ignition                 Fire           ##........   100%        8
 Lehudib's Crystal Spear  Conj/Erth      ##........   100%        8
 Dragon's Call            Summ           ##........   100%        9
 Shatter                  Erth           ##........   100%        9
 Tornado                  Air            ##........   100%        9

Inventory:

Hand Weapons
 a - a +9 demon trident of freezing (weapon)
 Q - the +5 scythe "Finisher" {speed, eviscerate} Attacks with this weapon are significantly faster.
Missiles
 d - 13 silver javelins (quivered)
 z - 8 throwing nets {=f}
 D - 31 curare-tipped darts {=f}
Armour
 k - a +2 hat of magic resistance (worn)
 H - a +8 tower shield of protection (worn)
Jewellery
 f - the ring "Diang" (on tentacle) {rPois rF++ MR- MP+9 Dex+3}

   [ring of magical power]

   It affects your dexterity (+3).
   It greatly protects you from fire.
   It protects you from poison.
   It affects your resistance to hostile enchantments.
   It affects your magic capacity (+9).
 u - a +4 ring of protection (on tentacle)
 x - the ring "Foxzycs" (on tentacle) {rElec MR+ Str+2 Stlth+}

   [ring of stealth]

   It affects your strength (+2).
   It insulates you from electricity.
   It affects your resistance to hostile enchantments.
   It makes you more stealthy.
 J - a +4 ring of slaying (on tentacle)
 S - the ring "Ararueph" (on tentacle) {rElec rC+ Str+4 Dex+4}

   [ring of dexterity]

   It affects your strength (+4).
   It affects your dexterity (+4).
   It protects you from cold.
   It insulates you from electricity.
 T - a +4 ring of protection (on tentacle)
 W - the brooch of Shielding (around mantle) {Spirit SH+8}

   [amulet of guardian spirit]

   It causes incoming damage to be split between your health and magic.
   It affects your SH (+8).
 X - a +4 ring of protection (right tentacle)
 Z - a +4 ring of protection (left tentacle)
Wands
 h - a wand of iceblast (76)
 y - a wand of digging (7)
 Y - a wand of acid (42)
Scrolls
 b - 4 scrolls of silence {!r}
 c - 9 scrolls of blinking
 g - 25 scrolls of teleportation {@r4}
 i - 16 scrolls of immolation {!r}
 j - 9 scrolls of enchant armour
 l - 19 scrolls of fear
 n - 9 scrolls of identify {@r1}
 A - 7 scrolls of vulnerability {!r}
 O - 6 scrolls of summoning
 P - 34 scrolls of remove curse
 R - 15 scrolls of magic mapping
 V - 12 scrolls of fog
Potions
 e - 5 potions of might
 m - 30 potions of curing {@q1}
 o - 9 potions of flight
 q - 7 potions of haste {@q3}
 s - 20 potions of ambrosia
 t - 5 potions of resistance
 v - 7 potions of mutation {!q}
 w - 14 potions of stabbing
 E - 14 potions of cancellation
 F - 7 potions of magic
 G - 19 potions of heal wounds {@q2}
 I - a potion of berserk rage {!q}
 L - 15 potions of lignification {!q}
 M - 8 potions of brilliance
 N - 2 potions of invisibility
Books
 r - a manual of Necromancy
 B - a manual of Throwing
Miscellaneous
 p - the horn of Geryon
 C - a phantom mirror

Dungeon Overview and Level Annotations

Branches:
Dungeon (15/15)            Temple (1/1) D:4            Lair (6/6) D:8
 Shoals (4/4) Lair:4       Spider (4/4) Lair:4        Slime (5/5) Lair:6
    Orc (2/2) D:11            Elf (3/3) Orc:2        Vaults (5/5) D:13
  Crypt (3/3) Vaults:3       Tomb (0/3) Crypt:3      Depths (5/5) D:15
   Hell (visited)             Dis (0/7) Hell            Geh (0/7) Hell
    Coc (0/7) Hell            Tar (0/7) Hell            Zot (5/5) Depths:5
  IceCv (visited)          WizLab (visited)

Altars:
Ashenzari
Cheibriados
Dithmenos
Elyvilon
Fedhas
Gozag
Hepliaklqana
Kikubaaqudgha
Makhleb
Nemelex Xobeh
Okawaru
Qazlal
Ru
Sif Muna
Trog
Uskayaw
Vehumet
Wu Jian
Xom
Yredelemnul
Zin
The Shining One
Jiyva

Shops:
D:6 (   D:15 *   Orc:2 ?:[   Elf:1 [[[=   Shoals:2 *   Vaults:2 *   Vaults:4 [(
Vaults:5 [   Crypt:1 *   Depths:1 =}=   Depths:2 ![=   Depths:4 *

Portals:
Hell: Depths:1 Depths:2 Depths:3 Depths:4 Depths:5
Abyss: Depths:1 Depths:4
Pandemonium: Orc:2 Depths:3
Ziggurat: Depths:3

▒▒▒▒▒▒▒▒▒▒▒▒▒▒▒▒▒▒▒▒▒▒▒
♣≈≈≈≈≈≈≈≈≈≈≈≈≈≈≈≈≈≈≈≈≈
♣♣♣♣≈≈≈≈≈≈≈≈≈≈≈≈≈≈≈≈≈≈
♣≈≈≈≈≈≈≈≈≈≈≈≈≈≈≈≈≈≈
♣♣♣♣n.≈≈..≈≈≈≈≈≈≈≈≈
♣nVVzV).....≈≈≈≈≈≈
♣AWAV........≈≈≈≈≈
▒▒▒▒▒▒▒▒▒▒
♣nAnWZ........≈≈≈≈
.........▒
♣x♣Vz...♣......≈≈≈
♣........▒
♣♣♣♣z.........≈≈≈≈
♣........▒
♣.P.P♣......≈≈≈
♣........▒
▒▒▒▒▒▒♣.....≈≈≈
♣........▒ ▒P....≈≈≈≈
♣........▒ ▒.......≈≈
♣....▒▒▒▒▒ ▒P.....≈≈≈
♣▒▒▒.▒ ▒♣....≈≈≈≈
♣...>▒▒▒▒ ▒▒▒▒▒▒▒▒▒▒▒
▒♣....≈≈≈≈


You could see 3 friendly profane servitors, 4 friendly ghouls, 2 friendly
vampire knights, a friendly skeletal warrior, a friendly flayed ghost, a
friendly phantasmal warrior, the friendly Mennas the spectral angel and 2
friendly vampires.


Message History

Use which ability? (? or * to list)
You begin recalling your allies!
You feel yourself speed up!
You fade into invisibility!!!
You are very lightly contaminated with residual magic!
You feel very mighty all of a sudden!
You feel protected!
You feel ready to backstab!
You feel clever all of a sudden!
There is a staircase leading out of the dungeon here!
Here: Mennas the spectral angel, wielding a +1 demon trident of draining and wearing a cursed +0 tower shield (disembodied soul, friendly, umbra)
The floor!
Unknown command!
Unknown command!
You finish recalling your allies!
There is a staircase leading out of the dungeon here!
Okay, then!
Use which ability? (? or * to list)
Okay, then!
Use which ability? (? or * to list)
You offer yourself to Yredelemnul, and are filled with unholy energy!
Use which ability? (? or * to list)
You begin recalling your allies!
You finish recalling your allies!
Really quaff
I - 2 potions of berserk rage {!!.q}?
A red film seems to cover your vision as you go berserk!!!
You feel yourself moving faster!!!
You feel mighty!!!
You feel a strong urge to attack something!
You have escaped!!!

Action                   |  1- 3 |  4- 6 |  7- 9 | 10-12 | 13-15 | 16-18 | 19-21 | 22-24 | 25-27 || total
-------------------------+-------+-------+-------+-------+-------+-------+-------+-------+-------++-------
Melee: Spear             |    99 |    85 |       |   179 |       |       |       |       |       ||   363
       Constrict         |    23 |    23 |    40 |    74 |   143 |   132 |   138 |    62 |   273 ||   908
       Tentacles         |    14 |    15 |    52 |   126 |   233 |   215 |   349 |   201 |  1009 ||  2214
       Dagger            |       |    29 |   207 |   118 |       |       |       |       |       ||   354
       Trident           |       |       |       |   166 |   748 |       |       |       |       ||   914
       Short sword       |       |       |       |    77 |       |       |       |       |       ||    77
       Unarmed           |       |       |       |    28 |    17 |       |       |       |       ||    45
       Kick              |       |       |       |    33 |   395 |   339 |   552 |   296 |    43 ||  1658
       Demon trident     |       |       |       |       |   565 |  1171 |  1368 |   892 |  3135 ||  7131
       Peck              |       |       |       |       |       |       |       |       |    50 ||    50
Throw: Dart              |     1 |    65 |   196 |   102 |     5 |       |       |       |       ||   369
       Stone             |       |       |     2 |       |       |       |       |       |       ||     2
       Javelin           |       |       |       |       |       |     2 |     2 |       |     6 ||    10
Invok: Animate Dead      |       |       |       |    27 |    43 |    39 |    15 |    29 |    11 ||   164
       Injury Mirror     |       |       |       |     1 |     1 |       |       |       |     1 ||     3
       Animate Remains   |       |       |       |     1 |       |       |       |       |       ||     1
       Drain Life        |       |       |       |     5 |    25 |    11 |    15 |     7 |    14 ||    77
       Recall Undead Sla |       |       |       |     1 |     8 |    24 |    17 |    11 |    31 ||    92
       Enslave Soul      |       |       |       |       |       |     1 |     1 |       |       ||     2
       Stop Recall       |       |       |       |       |       |       |       |       |     1 ||     1
Evoke: Wand              |       |     1 |    24 |    19 |    18 |       |     8 |     1 |     9 ||    80
       Lightning rod     |       |       |       |       |     2 |       |     1 |       |       ||     3
  Use: Scroll            |       |     2 |    14 |    18 |    11 |    12 |     8 |    30 |    23 ||   118
       Potion            |       |       |     3 |     3 |     2 |     4 |     3 |       |    26 ||    41
 Stab: Sleeping          |     2 |     9 |     2 |    13 |    46 |    86 |    53 |    51 |    88 ||   350
       Distracted        |       |     1 |     1 |     2 |    26 |    27 |    18 |    36 |    74 ||   185
       Paralysed         |       |       |     3 |     6 |     5 |     1 |     3 |     1 |     2 ||    21
       Invisible         |       |       |       |     9 |       |       |       |       |       ||     9
       Confused          |       |       |       |       |       |       |    15 |     8 |    28 ||    51
Armor: Skin              |     4 |     6 |     7 |    42 |    94 |    80 |    42 |    25 |   192 ||   492
Dodge: Dodged            |    51 |    54 |   162 |   361 |   470 |   329 |   311 |   220 |   817 ||  2775
Block: Buckler           |       |     9 |    68 |    69 |    60 |       |       |       |       ||   206
       Kite shield       |       |       |       |   153 |   345 |   349 |   370 |    31 |       ||  1248
       Tower shield      |       |       |       |       |       |       |       |   415 |  2501 ||  2916

Levels and vault maps discovered:
D:1:      kennysheep_arrival_seaside, layout_basic, serial_forest,
          infiniplex_forest_clump_tiny, infiniplex_forest_lined_2,
          infiniplex_forest_straight_3, infiniplex_forest_zigzag_1,
          minmay_crystal_water
D:2:      layout_basic, nicolae_tso_swordbearing_angel, fedhas_ov_isle_minmay,
          chequers_serial_rivers_micro_b, kennysheep_generic_room_11
D:3:      layout_loops_ring, nemelex_xobeh_ov_fountains_minmay,
          uniq_crazy_yiuf_cottage, uniq_robin
D:4:      layout_loops_corners, kennysheep_little_box,
          minmay_temple_entry_statues_pillars, uniq_grinder, uniq_blork_the_orc,
          uniq_sigmund
D:5:      layout_basic, serial_shops, shop_statue, uniq_prince_ribbit1
D:6:      layout_rooms, nicolae_overflow_crystal_walls, serial_shops, shop,
          uniq_eustachio
D:7:      layout_basic, kennysheep_decorative_pillar, uniq_duvessa
D:8:      layout_basic, okawaru_metal_pillars_1_2,
          lemuel_coloured_pillars_altar, amethyst_overflow_temple_binary,
          erik_lair_dragon, basic_altar
D:9:      layout_gridville, kennysheep_mini_moat, minmay_statue_crystal_thing,
          uniq_erolcha, uniq_joseph, uniq_gastronok, uniq_pikel
D:10:     layout_loops_corners
D:11:     layout_loops_corners, orc_0_dummy, lightli_corner_chamber, uniq_urug,
          uniq_snorg
D:12:     layout_basic, basic_altar, nicolae_dithmenos_through_a_glass_darkly
D:13:     layout_layer_cave, david_vaults_5, serial_glass, glass_columns_b,
          glass_columns_a
D:14:     layout_stronghold, palyth_stone_intersect, corexii_hall_statues_i,
          minmay_guarded_unrand_skullcrusher
D:15:     gammafunk_depths_entry_grave, layout_basic, zin_angel,
          nicolae_alphabet_shops
Temple:   nicolae_temple_x_marks_the_god
Lair:1:   layout_roguey, minmay_lair_oklob_chamber
Lair:2:   layout_chaotic_city, disabler_island
Lair:3:   layout_roguey [special_room_bee]
Lair:4:   layout_hall_layers, elwin_shoals_entry_stream, spider_nest_entry_a,
          special_room [special_room_mythical_zoo], kennysheep_basilisk_garden
Lair:5:   layout_layer_cave, gammafunk_ghost_cemetery, st_stairs_3,
          kilobyte_rumbling_trees
Lair:6:   cheibrodos_lair_end_hotspot, layout_hall_layers,
          dpeg_slime_entry_enclosed_altar, serial_bayou, uniq_josephine
Shoals:1: layout_shoals, argonaut_gorgonesque
Shoals:2: layout_shoals, ebering_ghost_disaster_area, serial_shops,
          nicolae_shop_behind_doors, nicolae_shoals_isolated_beach, uniq_ilsuiw,
          uniq_roxanne, uniq_jorgrun
Shoals:3: layout_shoals, nicolae_shoals_square_sea_wall
Shoals:4: shoals_end_simple, layout_shoals, nicolae_shoals_drake_roost,
          uniq_polyphemus
Spider:1: nicolae_spider_mines_1, nicolae_spider_circle_web
Spider:2: layout_spider_delve
Spider:3: layout_spider_delve, uniq_donald, uniq_arachne
Spider:4: johnstein_spider_rune_arachne_lair,
          portal_ice_cave_entry_frozen_things
Slime:1:  layout_caves, basic_altar
Slime:2:  layout_caves
Slime:3:  layout_caves, basic_altar
Slime:4:  layout_caves
Slime:5
Orc:1:    layout_caves
Orc:2:    pf_orc_diabolical, layout_caves, ebering_ghost_inner_flame,
          minmay_orc_treasury
Elf:1:    eino_elf_arrival_customs, layout_geoelf_octagon, serial_shops,
          bzr_entry_gold, shop, shop_fountains, nicolae_shop_behind_doors,
          nicolae_shop_crystal, special_room [special_room_orc], minivault_28
Elf:2:    layout_geoelf_octagon, grunt_ministairs_7
Elf:3:    elf_hall, layout_geoelf_grid, uniq_nikola
Vaults:1: gammafunk_vaults_ghost_cemetery, st_smaller_cells,
          ontoclasm_vaults_decontamination, grunt_vaults_diagonal,
          vaults_mumra_minichess, vaults_room_door_hall, v_misc_27,
          nicolae_vaults_stairing_the_circle, nicolae_vaults_yaktaur_gun_rack,
          vaults_mumra_hex, layout_vaults_quadrants
Vaults:2: ontoclasm_vaults_ligature, nicolae_vaults_border_crossing,
          hangedman_vaults_nails, v_alt_pattern_5, vaults_room_door_hall,
          v_misc_18, ontoclasm_vaults_ring_small, v_pattern_5,
          vaults_dpeg_hooks, hangedman_vaults_impose, layout_vaults_omnicross,
          mu_enter_wizlab_1, serial_shops, nicolae_shop_crystal, serial_glass
Vaults:3: gammafunk_vaults_ghost_spectres, grunt_vaults_bifocal,
          minmay_crypt_entry_skeletal_spiral, nicolae_vaults_ring_of_whatevers,
          v_misc_3, vaults_room_hallway, ontoclasm_vaults_bender,
          hangedman_vaults_trim, vaults_room_door_hall, v_misc_14, v_pattern_2,
          nicolae_vaults_network_square, ontoclasm_vaults_fault,
          dpeg_vaults_monster_box, nicolae_vaults_specimen_jars,
          vaults_dpeg_diagonal, vaults_room_guarded_vault, layout_vaults_ring,
          uniq_saint_roka
Vaults:4: gammafunk_vaults_ghost_spectres, vaults_room_octagon,
          nicolae_vaults_network_quincunx
          [nicolae_vaults_network_quincunx_subvault,
          nicolae_vaults_network_quincunx_subvault,
          nicolae_vaults_network_quincunx_subvault,
          nicolae_vaults_network_quincunx_subvault,
          nicolae_vaults_network_quincunx_subvault], hangedman_vaults_nodes,
          nicolae_vaults_network_periphery, st_cross, hangedman_vaults_hat,
          ontoclasm_vaults_chip, layout_vaults_omnibox, serial_shops, shop,
          nicolae_shop_behind_doors, uniq_mennas
Vaults:5
Crypt:1:  layout_gridlike, special_room [special_room_morgue],
          ebering_ghost_gozag, minivault_27, skrybe_necro_troll_2
Crypt:2:  layout_chaotic_city, columned_hall_lemuel, grunt_megastairs_2
Crypt:3:  evilmike_haunted_forest
Depths:1: layout_cave_pools, hell_entry, abyss_entry, wad_mini_maze,
          minmay_shop_grove
Depths:2: hangedman_box_tower, layout_cross,
          hangedman_abyss_or_decor_lesser_grid, lightli_too_deep
Depths:3: minmay_the_grid_triangle_9x9_rhombus_full_mashed
          [minmay_the_grid_triangle_9x9_cache,
          minmay_the_grid_triangle_9x9_tough_junction,
          minmay_the_grid_triangle_9x9_subtriangle,
          minmay_the_grid_triangle_9x9_corruption,
          minmay_the_grid_triangle_9x9_thin_v,
          minmay_the_grid_triangle_9x9_intruding_spiral,
          minmay_the_grid_triangle_9x9_flanged_cone,
          minmay_the_grid_triangle_9x9_prize_top_heavy], layout_basic,
          enter_ziggurat_a, kennysheep_cluttered_room, grunt_pan_entry_zigzag,
          grunt_hell_entry_dis_mu, minmay_librarian
Depths:4: minmay_gate_of_8, layout_gridlike, cheibriados_altar_1, serial_shops,
          shop_statue, pf_hell_entry_tar_river, abyss_entry, firewood_loft,
          uniq_sojobo, uniq_margery, uniq_enchantress
Depths:5: grunt_zot_entry_funnels, layout_cave_pools, hell_entry,
          serial_bayou_shore_b, kennysheep_random_hallway
Hell
Zot:1:    kennysheep_ambush_hall, layout_gridlike, drop_trap, skrybe_zot_glass_1
Zot:2:    layout_gridlike
Zot:3:    grunt_deathspiral_small, layout_concentric_octagons
Zot:4:    layout_cellular_growth, grunt_ministairs_11, zot_minivault_3
Zot:5:    layout_twisted_circle, grunt_ministairs_9, guppyfry_library_mini

Notes
Turn   | Place    | Note
-------+----------+-------------------------------------------
     0 | D:1      | Sar the Octopode Warper began the quest for the Orb.
     0 | D:1      | Reached XP level 1. HP: 14/14 MP: 3/3
   209 | D:1      | Reached XP level 2. HP: 19/19 MP: 5/5
   650 | D:1      | Reached XP level 3. HP: 17/25 MP: 6/6
  1318 | D:2      | Found a glowing golden altar of the Shining One.
  1601 | D:2      | Reached skill level 3 in Dodging
  1678 | D:2      | Found a blossoming altar of Fedhas.
  1695 | D:2      | Reached XP level 4. HP: 30/30 MP: 7/7
  2258 | D:3      | Learned a level 2 spell: Blink
  2365 | D:3      | Reached skill level 1 in Stealth
  2365 | D:3      | Reached skill level 1 in Shields
  2538 | D:3      | Reached XP level 5. HP: 35/35 MP: 9/9
  2586 | D:3      | Reached skill level 2 in Stealth
  2832 | D:3      | Reached skill level 3 in Spellcasting
  2898 | D:3      | Found a sparkling altar of Nemelex Xobeh.
  2920 | D:3      | Reached skill level 2 in Shields
  2939 | D:3      | Noticed Robin
  2969 | D:3      | Killed Robin
  2976 | D:3      | Reached skill level 3 in Stealth
  3337 | D:3      | Found a runed translucent door.
  3338 | D:3      | Noticed Crazy Yiuf
  3713 | D:4      | Reached XP level 6. HP: 41/41 MP: 10/10
  3933 | D:4      | Found a white marble altar of Elyvilon.
  3938 | D:4      | Found a staircase to the Ecumenical Temple.
  3945 | Temple   | Entered the Ecumenical Temple
  4000 | Temple   | Became a worshipper of Yredelemnul the Dark
  4019 | D:4      | Noticed Blork the orc
  4033 | D:4      | Killed Blork the orc
  4033 | D:4      | Reached skill level 4 in Stealth
  4033 | D:4      | Reached skill level 3 in Shields
  4336 | D:4      | Noticed Sigmund
  4344 | D:4      | Killed Sigmund
  4344 | D:4      | Reached skill level 5 in Stealth
  4344 | D:4      | Reached skill level 4 in Shields
  4344 | D:4      | Reached XP level 7. HP: 45/45 MP: 11/11
  4372 | D:4      | Reached skill level 3 in Fighting
  4415 | D:4      | Noticed Grinder
  5196 | D:4      | Reached skill level 4 in Dodging
  5351 | D:5      | Entered Level 5 of the Dungeon
  5417 | D:5      | Reached * piety under Yredelemnul
  5417 | D:5      | Reached skill level 4 in Fighting
  5726 | D:5      | Reached skill level 5 in Fighting
  5726 | D:5      | Reached skill level 5 in Dodging
  5726 | D:5      | Reached XP level 8. HP: 27/55 MP: 12/12
  5970 | D:5      | Found Vinefus's Distillery.
  5982 | D:5      | Bought a potion of lignification for 30 gold pieces
  5982 | D:5      | Bought 2 potions of curing for 60 gold pieces
  5982 | D:5      | Bought a potion of curing for 30 gold pieces
  5982 | D:5      | Bought a potion of haste for 100 gold pieces
  6158 | D:5      | Noticed Prince Ribbit
  6173 | D:5      | Killed Prince Ribbit
  6173 | D:5      | Reached skill level 1 in Invocations
  6173 | D:5      | Reached skill level 1 in Evocations
  6626 | D:5      | Reached skill level 2 in Invocations
  6626 | D:5      | Reached skill level 2 in Evocations
  7190 | D:6      | Reached skill level 6 in Dodging
  7305 | D:6      | Reached skill level 6 in Fighting
  7305 | D:6      | Reached skill level 3 in Invocations
  7305 | D:6      | Reached skill level 3 in Evocations
  7305 | D:6      | Reached XP level 9. HP: 62/62 MP: 13/13
  7402 | D:6      | Reached ** piety under Yredelemnul
  7410 | D:6      | Noticed Eustachio
  7417 | D:6      | Killed Eustachio
  7424 | D:6      | Found a burning altar of Makhleb.
  7501 | D:6      | Found Onies's Antique Weapon Shop.
  7798 | D:6      | Got a fine amber ring
  7890 | D:7      | Noticed Duvessa
  8881 | D:7      | Reached skill level 4 in Invocations
  8881 | D:7      | Reached skill level 4 in Evocations
  9100 | D:7      | Noticed Dowan
  9106 | D:7      | Killed Duvessa
  9110 | D:7      | Killed Dowan
  9171 | D:7      | Reached skill level 7 in Dodging
  9622 | D:7      | Reached skill level 7 in Fighting
  9896 | D:6      | Reached skill level 5 in Invocations
  9896 | D:6      | Reached skill level 5 in Evocations
  9898 | D:6      | Found a burning altar of Makhleb.
 10024 | D:6      | Found Onies's Antique Weapon Shop.
 10145 | D:8      | Noticed a two-headed ogre
 10206 | D:8      | Identified the ring of Welysimi {rElec rF- MR+ Dex+4 SInv}
                  | (You found it on level 6 of the Dungeon)
 10401 | D:8      | Reached XP level 10. HP: 63/71 MP: 14/14
 10677 | D:8      | Killed a two-headed ogre
 10821 | D:8      | Reached *** piety under Yredelemnul
 10838 | D:8      | Reached skill level 6 in Invocations
 10847 | D:8      | Reached skill level 6 in Evocations
 10856 | D:8      | Found a shimmering altar of Xom.
 10858 | D:8      | Found an iron altar of Okawaru.
 11140 | D:8      | Reached skill level 8 in Dodging
 11177 | D:8      | Found a shattered altar of Ashenzari.
 11183 | D:8      | Found a snail-covered altar of Cheibriados.
 11594 | D:8      | Found a hazy altar of Hepliaklqana.
 11677 | D:8      | Reached skill level 8 in Fighting
 11677 | D:8      | Received a gift from Yredelemnul (a wight)
 12080 | D:8      | Found a staircase to the Lair.
 12147 | D:9      | Found a runed translucent door.
 12454 | D:9      | Found an ornate altar of the Wu Jian Council.
 12825 | D:9      | Reached skill level 5 in Shields
 13438 | D:9      | Got a glimmering short sword
 13457 | D:9      | Noticed Erolcha
 13461 | D:9      | Noticed Pikel
 13553 | D:10     | Entered Level 10 of the Dungeon
 13725 | D:10     | Reached skill level 9 in Dodging
 13725 | D:10     | Reached XP level 11. HP: 58/78 MP: 15/15
 13825 | D:10     | Reached skill level 9 in Fighting
 13834 | D:10     | Reached skill level 6 in Shields
 14081 | D:10     | Reached **** piety under Yredelemnul
 14450 | D:10     | HP: 2/80 [yak (17)]
 15738 | D:4      | Paralysed by Grinder for 4 turns
 15748 | D:4      | Killed Grinder
 15944 | Lair:1   | Entered Level 1 of the Lair of Beasts
 16335 | Lair:1   | Noticed an oklob plant
 16335 | Lair:1   | Noticed an oklob plant
 16648 | Lair:2   | Noticed an oklob plant
 16658 | Lair:2   | Identified the cursed +0 short sword of Xom's Whim {elec,
                  | MR+} (You found it on level 9 of the Dungeon)
 16772 | Lair:2   | Paralysed by a floating eye for 4 turns
 17305 | Lair:1   | Reached skill level 7 in Shields
 17493 | Lair:1   | Noticed an eight-headed hydra
 18054 | Lair:2   | Reached skill level 10 in Dodging
 18097 | Lair:2   | Received a gift from Yredelemnul (2 flying skulls)
 18117 | Lair:2   | Reached skill level 7 in Invocations
 18125 | Lair:2   | Reached skill level 10 in Fighting
 18252 | Lair:2   | Noticed an oklob plant
 18322 | Lair:2   | Killed an oklob plant
 18335 | Lair:2   | Killed an oklob plant
 18803 | Lair:3   | Noticed an eight-headed hydra
 18952 | Lair:3   | Found the +5 demon whip "Spellbinder" {antimagic, MR+}
 18986 | Lair:3   | Identified a scroll of acquirement
 19004 | Lair:3   | Acquired a +0 trident of freezing
 19097 | Lair:3   | Reached ***** piety under Yredelemnul
 19099 | Lair:3   | Reached skill level 3 in Polearms
 19109 | Lair:3   | Reached XP level 12. HP: 50/87 MP: 14/17
 19228 | Lair:3   | Noticed a five-headed hydra
 19272 | Lair:3   | Killed an eight-headed hydra
 19272 | Lair:3   | Reached skill level 8 in Shields
 19272 | Lair:3   | Reached skill level 8 in Invocations
 19273 | Lair:3   | Killed a five-headed hydra
 19339 | Lair:3   | Noticed a death yak
 19343 | Lair:3   | Noticed a death yak
 19355 | Lair:3   | Noticed a death yak
 19358 | Lair:3   | Noticed a death yak
 19359 | Lair:3   | Killed a death yak
 19359 | Lair:3   | Reached skill level 4 in Polearms
 19366 | Lair:3   | Killed a death yak
 19371 | Lair:3   | Killed a death yak
 19372 | Lair:3   | Noticed a six-headed hydra
 19374 | Lair:3   | Killed a death yak
 19382 | Lair:3   | HP: 3/89 [six-headed hydra (17)]
 19382 | Lair:3   | Killed a six-headed hydra
 20406 | Lair:4   | Gained mutation: One of your tentacles bears a spike.
                  | [potion of mutation]
 20406 | Lair:4   | Gained mutation: You passively map a small area around you.
                  | [potion of mutation]
 20406 | Lair:4   | Gained mutation: Your flesh is heat resistant. (rF+)
                  | [potion of mutation]
 20417 | Lair:4   | Reached skill level 5 in Polearms
 20700 | Lair:4   | Received a gift from Yredelemnul (a wraith)
 20938 | Lair:4   | Found a staircase to the Shoals.
 20950 | Lair:4   | Reached skill level 6 in Polearms
 20969 | Lair:4   | Received a gift from Yredelemnul (a wraith)
 21166 | Lair:4   | Reached skill level 7 in Polearms
 21263 | Lair:4   | Noticed a four-headed hydra
 21269 | Lair:4   | Killed a four-headed hydra
 21413 | Lair:4   | Found a hole to the Spider Nest.
 21478 | Lair:4   | Reached skill level 8 in Polearms
 21524 | Lair:4   | Received a gift from Yredelemnul (a wight)
 21560 | Lair:4   | Reached XP level 13. HP: 70/94 MP: 19/19
 21577 | Lair:4   | Reached skill level 9 in Polearms
 21738 | Lair:4   | Received a gift from Yredelemnul (3 flying skulls)
 22166 | Lair:4   | Found a staircase to the Shoals.
 22498 | Lair:4   | Found a hole to the Spider Nest.
 22821 | Lair:5   | Reached skill level 10 in Polearms
 23219 | Lair:5   | Found a runed translucent gate.
 23219 | Lair:5   | Found a runed translucent gate.
 23219 | Lair:5   | Found a runed translucent gate.
 23219 | Lair:5   | Noticed Fopaha Niyl's ghost (journeyman GrFi)
 23220 | Lair:5   | Noticed Fopaha Niyl's ghost (journeyman GrFi)
 23456 | Lair:5   | Received a gift from Yredelemnul (a vampire)
 23906 | Lair:5   | Reached skill level 11 in Polearms
 24271 | Lair:6   | Entered Level 6 of the Lair of Beasts
 24368 | Lair:6   | Found a viscous altar of Jiyva.
 24368 | Lair:6   | Found a staircase to the Slime Pits.
 24427 | Lair:6   | Received a gift from Yredelemnul (a wraith)
 24826 | Lair:6   | Reached skill level 12 in Polearms
 25551 | Lair:6   | Noticed Josephine
 25569 | Lair:6   | Killed Josephine
 25569 | Lair:6   | Reached skill level 13 in Polearms
 25571 | Lair:6   | Received a gift from Yredelemnul (a vampire)
 25775 | Lair:6   | Reached skill level 9 in Shields
 25781 | Lair:6   | Reached XP level 14. HP: 99/99 MP: 20/20
 25786 | Lair:6   | Identified +0 steam dragon scales
 26156 | Lair:6   | Received a gift from Yredelemnul (a phantasmal warrior)
 26489 | Lair:6   | Found a large runed translucent door.
 26553 | Lair:6   | Found a large runed translucent door.
 27508 | D:11     | Found a staircase to the Orcish Mines.
 27558 | D:11     | Received a gift from Yredelemnul (a wraith)
 27860 | D:11     | Noticed Snorg
 27862 | D:11     | Reached skill level 10 in Shields
 27898 | D:11     | Killed Snorg
 28086 | D:11     | Identified a potion of resistance
 28175 | D:11     | Noticed Urug
 28189 | D:11     | Killed Urug
 28509 | Orc:1    | Entered Level 1 of the Orcish Mines
 28546 | Orc:1    | Received a gift from Yredelemnul (a wraith)
 28946 | Orc:2    | Entered Level 2 of the Orcish Mines
 28994 | Orc:2    | Found a staircase to the Elven Halls.
 29014 | Orc:2    | Reached skill level 14 in Polearms
 29104 | Orc:2    | Found Diazxin's Magic Scroll Shop.
 29112 | Orc:2    | Received a gift from Yredelemnul (a vampire knight)
 29113 | Orc:2    | Found Raweh's Distillery.
 29127 | Orc:2    | Received a gift from Yredelemnul (a skeletal warrior)
 29413 | Orc:2    | Reached skill level 11 in Shields
 29421 | Orc:2    | Bought 2 potions of heal wounds for 140 gold pieces
 29805 | Orc:2    | Identified a +0 robe of the Archmagi
 30165 | Orc:2    | Received a gift from Yredelemnul (a phantasmal warrior)
 30293 | Orc:2    | Reached skill level 12 in Shields
 30542 | Orc:2    | Found Fixed's Book Shoppe.
 30542 | Orc:2    | Found a one-way gate leading to the halls of Pandemonium.
 30542 | Orc:2    | Found Fouttac's Antique Armour Emporium.
 30552 | Orc:2    | Bought a shiny buckler for 232 gold pieces
 30623 | Orc:2    | Found a runed translucent door.
 30624 | Orc:2    | Noticed thoughtsofsnow's ghost (journeyman FoFi)
 30664 | Orc:2    | Received a gift from Yredelemnul (a vampire)
 30697 | Orc:2    | Reached skill level 11 in Fighting
 30720 | Orc:2    | Reached XP level 15. HP: 104/107 MP: 10/21
 30720 | Orc:2    | Received a gift from Yredelemnul (a ghoul)
 30819 | Orc:2    | Noticed an orc warlord
 30863 | Orc:2    | Killed an orc warlord
 30863 | Orc:2    | Reached skill level 12 in Fighting
 30879 | Orc:2    | Noticed an orc warlord
 30911 | Orc:2    | Killed an orc warlord
 31281 | Orc:2    | Got a scintillating platinum ring
 31282 | Orc:2    | Identified the ring of the Enemy {rElec Stlth-} (You found
                  | it on level 2 of the Orcish Mines)
 31284 | Orc:2    | Identified the Reference Book on Air and Ignition
 31617 | Orc:2    | Bought a scroll of acquirement for 780 gold pieces
 31617 | Orc:2    | Acquired a +1 hat of magic resistance
 32373 | Orc:2    | Bought a scroll of teleportation for 45 gold pieces
 32373 | Orc:2    | Bought a scroll of fear for 52 gold pieces
 32373 | Orc:2    | Bought a scroll of identify for 30 gold pieces
 32373 | Orc:2    | Bought a scroll of identify for 30 gold pieces
 32373 | Orc:2    | Bought a scroll of fear for 52 gold pieces
 32373 | Orc:2    | Bought a scroll of identify for 30 gold pieces
 32373 | Orc:2    | Bought a scroll of fear for 52 gold pieces
 32373 | Orc:2    | Bought a scroll of fear for 52 gold pieces
 32373 | Orc:2    | Bought a scroll of identify for 30 gold pieces
 32376 | Orc:2    | Bought a potion of haste for 140 gold pieces
 32376 | Orc:2    | Bought a potion of cancellation for 112 gold pieces
 32376 | Orc:2    | Bought a potion of lignification for 42 gold pieces
 32376 | Orc:2    | Bought a potion of might for 56 gold pieces
 32376 | Orc:2    | Bought a potion of curing for 42 gold pieces
 32376 | Orc:2    | Bought a potion of cancellation for 112 gold pieces
 32376 | Orc:2    | Bought a potion of curing for 42 gold pieces
 32731 | D:12     | Received a gift from Yredelemnul (a phantasmal warrior)
 32748 | D:12     | Found a shadowy altar of Dithmenos.
 33176 | D:12     | Received a gift from Yredelemnul (a phantasmal warrior)
 33576 | D:12     | Found a sparkling altar of Nemelex Xobeh.
 34353 | D:13     | Received a gift from Yredelemnul (a profane servitor)
 34805 | D:13     | Found a gate to the Vaults.
 34998 | D:14     | Reached skill level 13 in Fighting
 35487 | D:14     | Reached skill level 13 in Shields
 35728 | D:14     | Found the +3 giant club "Skullcrusher" {speed, Str+7}
 35878 | D:14     | Identified +0 fire dragon scales
 35892 | D:14     | Received a gift from Yredelemnul (a vampire knight)
 36242 | D:14     | Received a gift from Yredelemnul (a flayed ghost)
 37812 | D:15     | Entered Level 15 of the Dungeon
 37814 | D:15     | Found a staircase to the Depths.
 38191 | D:15     | Received a gift from Yredelemnul (a phantasmal warrior)
 38226 | D:15     | Found Moviazmige's Merry Market.
 38237 | D:15     | Bought a scroll of magic mapping for 49 gold pieces
 38276 | D:15     | Identified a +1 robe of the Archmagi
 38385 | D:15     | Identified a +2 robe of resistance
 38385 | D:15     | Noticed an angel
 38387 | D:15     | Found a glowing silver altar of Zin.
 38454 | D:15     | Reached skill level 14 in Fighting
 38465 | D:15     | Reached XP level 16. HP: 116/119 MP: 22/22
 38465 | D:15     | Received a gift from Yredelemnul (a skeletal warrior)
 39164 | Lair:5   | Killed Fopaha Niyl's ghost
 39172 | Lair:5   | Killed Fopaha Niyl's ghost
 39177 | Lair:5   | HP: 9/119 [poisoned by Fopaha Niyl's ghost]
 39179 | Lair:5   | HP: 3/119 [poisoned by Fopaha Niyl's ghost]
 39946 | D:9      | Killed Erolcha
 39946 | D:9      | Reached skill level 14 in Shields
 39969 | D:9      | Noticed Joseph
 39981 | D:9      | Killed Joseph
 40026 | D:9      | Found a runed translucent door.
 40039 | D:9      | Found a runed translucent door.
 40047 | D:9      | Killed Pikel
 40061 | D:9      | Found a runed translucent door.
 40213 | D:9      | Noticed Gastronok
 40223 | D:9      | Killed Gastronok
 41159 | Lair:6   | Received a gift from Yredelemnul (a skeletal warrior)
 41168 | Lair:6   | Identified the +4 quarterstaff of Avejupp {antimagic, rPois
                  | rC++ MP-9} (You found it on level 6 of the Lair of Beasts)
 41745 | Orc:2    | Killed thoughtsofsnow's ghost
 42108 | Spider:1 | Entered Level 1 of the Spider Nest
 42127 | Spider:1 | Received a gift from Yredelemnul (a profane servitor)
 42288 | Spider:1 | Received a gift from Yredelemnul (a profane servitor)
 42389 | Spider:1 | Received a gift from Yredelemnul (a vampire)
 42529 | Spider:1 | Reached skill level 15 in Fighting
 42927 | Spider:2 | Received a gift from Yredelemnul (a ghoul)
 43261 | Spider:2 | Reached skill level 15 in Shields
 43658 | Spider:3 | Reached ****** piety under Yredelemnul
 43707 | Spider:3 | Received a gift from Yredelemnul (a skeletal warrior)
 43730 | Spider:3 | Noticed Arachne
 43738 | Spider:3 | Killed Arachne
 43833 | Spider:3 | Noticed Donald
 43843 | Spider:3 | Killed Donald
 44245 | Spider:4 | Entered Level 4 of the Spider Nest
 44278 | Spider:4 | Reached skill level 16 in Fighting
 44296 | Spider:4 | Reached skill level 9 in Invocations
 44340 | Spider:4 | Found a frozen archway.
 44340 | Spider:4 | Noticed an azure jelly
 44349 | Spider:4 | Reached XP level 17. HP: 111/129 MP: 23/23
 44378 | IceCv    | Entered an ice cave
 45018 | IceCv    | Received a gift from Yredelemnul (a skeletal warrior)
 45135 | IceCv    | Received a gift from Yredelemnul (a phantasmal warrior)
 45329 | IceCv    | Noticed an Ice Fiend
 45339 | IceCv    | Killed an Ice Fiend
 45835 | Spider:4 | Reached skill level 10 in Invocations
 46113 | Spider:4 | Received a gift from Yredelemnul (a skeletal warrior)
 46520 | Spider:4 | Received a gift from Yredelemnul (a flayed ghost)
 47017 | Spider:4 | Reached skill level 11 in Invocations
 47027 | Spider:4 | Got a gossamer rune of Zot
 48001 | Shoals:1 | Entered Level 1 of the Shoals
 48313 | Shoals:1 | Reached skill level 17 in Fighting
 48667 | Shoals:2 | Noticed Ilsuiw
 48667 | Shoals:2 | Noticed Jorgrun
 48672 | Shoals:2 | Killed Jorgrun
 48677 | Shoals:2 | Reached skill level 4 in Spellcasting
 48696 | Shoals:2 | Killed Ilsuiw
 48784 | Shoals:2 | Noticed Roxanne
 48797 | Shoals:2 | Killed Roxanne
 48816 | Shoals:2 | Reached skill level 5 in Spellcasting
 48835 | Shoals:2 | Found a large runed translucent door.
 48835 | Shoals:2 | Found a large runed translucent door.
 48867 | Shoals:2 | Received a gift from Yredelemnul (a vampire knight)
 49150 | Shoals:2 | Found Qiwn's General Store.
 49153 | Shoals:2 | Bought 7 curare-tipped darts for 63 gold pieces
 49450 | Shoals:3 | Received a gift from Yredelemnul (a skeletal warrior)
 49489 | Shoals:3 | Reached skill level 6 in Spellcasting
 50170 | Shoals:1 | Reached skill level 7 in Spellcasting
 50170 | Shoals:1 | Received a gift from Yredelemnul (a vampire knight)
 50229 | Shoals:4 | Entered Level 4 of the Shoals
 50286 | Shoals:4 | Reached XP level 18. HP: 102/138 MP: 29/29
 50286 | Shoals:4 | Identified +0 steam dragon scales
 50287 | Shoals:4 | Received a gift from Yredelemnul (a skeletal warrior)
 50640 | Shoals:4 | Noticed Polyphemus
 50649 | Shoals:4 | Killed Polyphemus
 50657 | Shoals:4 | Received a gift from Yredelemnul (a skeletal warrior)
 50800 | Shoals:4 | Reached skill level 8 in Spellcasting
 51323 | Shoals:4 | Identified Gutsexzi's Catalogue of Supportive Sinister
                  | Magic
 51655 | Shoals:4 | Received a gift from Yredelemnul (a skeletal warrior)
 51716 | Shoals:4 | Identified the amulet of the Salmon {RegenMP rF++ MP+9
                  | Str-2 Stlth+} (You found it on level 4 of the Shoals)
 52114 | Shoals:4 | Reached skill level 11 in Dodging
 52213 | Shoals:4 | Got a barnacled rune of Zot
 52380 | Shoals:4 | Identified the Catalogue of Unholy Arts and Calling
 52551 | Shoals:4 | Reached skill level 9 in Spellcasting
 53031 | Shoals:2 | Noticed ReteAZ's ghost (adept GnGl)
 53453 | Vaults:1 | Entered Level 1 of the Vaults
 53485 | Vaults:1 | Received a gift from Yredelemnul (a vampire)
 53582 | Vaults:1 | Received a gift from Yredelemnul (a phantasmal warrior)
 53696 | Vaults:1 | Received a gift from Yredelemnul (a flayed ghost)
 54048 | Vaults:1 | Received a gift from Yredelemnul (a ghoul)
 54371 | Vaults:1 | Received a gift from Yredelemnul (a ghoul)
 54669 | Vaults:1 | Reached skill level 12 in Dodging
 54769 | Vaults:1 | Acquired a +2 tower shield of protection
 54883 | Vaults:1 | Received a gift from Yredelemnul (a skeletal warrior)
 54899 | Vaults:1 | Reached skill level 10 in Spellcasting
 55387 | Vaults:1 | Found a runed translucent gate.
 55387 | Vaults:1 | Found a runed translucent gate.
 55387 | Vaults:1 | Found a runed translucent gate.
 55387 | Vaults:1 | Noticed Mujukuneu's ghost (veteran HuCj)
 55387 | Vaults:1 | Noticed Paarhy's ghost (legendary MfBe)
 55425 | Vaults:1 | Reached skill level 13 in Dodging
 55588 | Vaults:1 | Received a gift from Yredelemnul (a vampire knight)
 55591 | Vaults:1 | Reached XP level 19. HP: 118/144 MP: 33/33
 55692 | Vaults:1 | Killed Mujukuneu's ghost
 55696 | Vaults:1 | Killed Paarhy's ghost
 55731 | Vaults:1 | Got a smoking bone ring
 55733 | Vaults:1 | Identified the ring "Qorch" {rPois rC+ Slay+3} (You found
                  | it on level 1 of the Vaults)
 55789 | Vaults:2 | Found Exumuen's Assorted Antiques.
 55803 | Vaults:2 | Found a magical portal.
 55823 | WizLab   | Entered Lehudib's Moon Base
 56573 | WizLab   | Reached skill level 14 in Dodging
 56956 | WizLab   | Found a transporter.
 57128 | WizLab   | Received a gift from Yredelemnul (a phantasmal warrior)
 57322 | WizLab   | Reached skill level 15 in Dodging
 57909 | WizLab   | Received a gift from Yredelemnul (a flayed ghost)
 58741 | WizLab   | Found a transporter.
 58771 | WizLab   | Received a gift from Yredelemnul (a phantasmal warrior)
 58790 | WizLab   | Reached skill level 16 in Dodging
 59522 | WizLab   | Got a heavily runed hat
 59533 | WizLab   | Identified the +2 hat of Sufficient Happiness {Harm *Drain
                  | rN+++ MR+} (You found it in a wizard's laboratory)
 59666 | WizLab   | Received a gift from Yredelemnul (a vampire knight)
 59909 | WizLab   | Got a wavering garnet amulet
 59910 | WizLab   | Identified the amulet "Liry" {Spirit Fragile rC+++ Str-3
                  | Dex+7} (You found it in a wizard's laboratory)
 59911 | WizLab   | Identified the Disquisition on Stones
 59940 | WizLab   | Identified Lehudib's Handbook of the Dislocated Rocks
 60050 | Vaults:2 | Received a gift from Yredelemnul (a flayed ghost)
 60988 | Vaults:2 | Identified +0 fire dragon scales
 61226 | Vaults:2 | Reached XP level 20. HP: 74/151 MP: 31/34
 61535 | Vaults:2 | Reached skill level 17 in Dodging
 61611 | Vaults:3 | Noticed Saint Roka
 61637 | Vaults:3 | Killed Saint Roka
 61743 | Vaults:3 | Received a gift from Yredelemnul (a ghoul)
 61760 | Vaults:3 | Found a runed translucent gate.
 61760 | Vaults:3 | Found a runed translucent gate.
 61761 | Vaults:3 | Found a runed translucent gate.
 61823 | Vaults:4 | Found Ivvef's Armour Shop.
 61914 | Vaults:4 | Noticed Mennas
 61926 | Vaults:4 | Killed Mennas
 61926 | Vaults:4 | Enslaved Mennas
 61940 | Vaults:4 | Found Ifol's Weapon Boutique.
 62037 | Vaults:4 | Received a gift from Yredelemnul (a flayed ghost)
 62201 | Vaults:4 | Reached skill level 18 in Dodging
 62495 | Vaults:4 | Received a gift from Yredelemnul (a ghoul)
 62679 | Vaults:4 | Received a gift from Yredelemnul (a vampire)
 63168 | Vaults:4 | Received a gift from Yredelemnul (a flayed ghost)
 63284 | Vaults:4 | Found a runed translucent gate.
 63285 | Vaults:4 | Found a runed translucent gate.
 63285 | Vaults:4 | Found a runed translucent gate.
 63285 | Vaults:4 | Noticed Paarhy's ghost (legendary MfBe)
 63512 | Vaults:4 | Killed Paarhy's ghost
 63694 | Vaults:3 | Received a gift from Yredelemnul (a vampire knight)
 64188 | Vaults:3 | Found a staircase to the Crypt.
 64384 | Vaults:3 | Received a gift from Yredelemnul (a flayed ghost)
 64389 | Vaults:3 | Reached XP level 21. HP: 127/157 MP: 35/35
 64397 | Vaults:3 | Reached skill level 19 in Dodging
 64655 | Vaults:3 | Received a gift from Yredelemnul (a vampire)
 65017 | Vaults:3 | Received a gift from Yredelemnul (a skeletal warrior)
 65193 | Vaults:3 | Noticed Keaj's ghost (adept FeCK)
 65222 | Vaults:3 | Killed Keaj's ghost
 65815 | Vaults:2 | Received a gift from Yredelemnul (a vampire knight)
 65960 | Vaults:2 | Reached skill level 16 in Shields
 66149 | Vaults:2 | Reached skill level 18 in Fighting
 66159 | Vaults:2 | Received a gift from Yredelemnul (a flayed ghost)
 66979 | Elf:1    | Entered Level 1 of the Elven Halls
 67061 | Elf:1    | Received a gift from Yredelemnul (a vampire knight)
 67202 | Elf:1    | Found Teetuirgh's Armour Shop.
 67295 | Elf:1    | Found Mal Kaar's Armour Emporium.
 67363 | Elf:1    | Found Ofroff's Antique Armour Shoppe.
 67382 | Elf:1    | Found a flickering gateway to a bazaar.
 67448 | Bazaar   | Entered a bazaar
 67448 | Bazaar   | Found Uphajast's Assorted Antiques.
 67457 | Bazaar   | Found Lougaak's Magic Scroll Boutique.
 67465 | Bazaar   | Found Kuafilish's Assorted Antiques.
 67484 | Bazaar   | Found Tefovyd's Gadget Emporium.
 67511 | Bazaar   | Bought a scroll of acquirement for 832 gold pieces
 67511 | Bazaar   | Acquired a manual of Polearms
 67522 | Bazaar   | Bought a scroll of enchant weapon for 180 gold pieces
 67522 | Bazaar   | Bought a lumpy amethyst potion for 21 gold pieces
 67522 | Bazaar   | Bought a potion of lignification for 72 gold pieces
 67522 | Bazaar   | Bought a potion of curing for 72 gold pieces
 67522 | Bazaar   | Bought a potion of ambrosia for 192 gold pieces
 67532 | Bazaar   | Bought a scroll of fear for 56 gold pieces
 67532 | Bazaar   | Bought a scroll of remove curse for 48 gold pieces
 67532 | Bazaar   | Bought a scroll of enchant weapon for 120 gold pieces
 67532 | Bazaar   | Bought a scroll of torment for 120 gold pieces
 67532 | Bazaar   | Bought a scroll of remove curse for 48 gold pieces
 67540 | Bazaar   | Bought a scroll of magic mapping for 52 gold pieces
 67540 | Bazaar   | Bought 2 potions of curing for 90 gold pieces
 67540 | Bazaar   | Bought a scroll of silence for 112 gold pieces
 67540 | Bazaar   | Bought a scroll of fear for 52 gold pieces
 67598 | Elf:1    | Found Iriqorgh's Jewellery Boutique.
 68150 | Elf:2    | Received a gift from Yredelemnul (a ghoul)
 68677 | Elf:2    | Received a gift from Yredelemnul (a skeletal warrior)
 68681 | Elf:2    | Found a huge runed translucent gate.
 68681 | Elf:2    | Found a huge runed translucent gate.
 68681 | Elf:2    | Found a huge runed translucent gate.
 68691 | Elf:2    | Found a huge runed translucent gate.
 68692 | Elf:2    | Found a huge runed translucent gate.
 69190 | Elf:3    | Entered Level 3 of the Elven Halls
 69190 | Elf:3    | Noticed Nikola
 69199 | Elf:3    | Killed Nikola
 69274 | Elf:3    | Reached XP level 22. HP: 146/166 MP: 36/36
 69777 | Elf:3    | Reached skill level 15 in Polearms
 70026 | Elf:3    | Found the +8 glaive of the Guard {elec, +Rage AC+5 SInv}
 70026 | Elf:3    | Identified the amulet of Qiza {Inacc rF+ Dex+5} (You found
                  | it on level 3 of the Elven Halls)
 70029 | Elf:3    | Acquired the ring "Ararueph" {rElec rC+ Str+4 Dex+4}
 70061 | Elf:3    | Got a warped bone amulet
 70064 | Elf:3    | Identified the amulet "Zocuet" {Spirit rPois} (You found it
                  | on level 3 of the Elven Halls)
 70071 | Elf:3    | Got a brightly glowing hat
 70077 | Elf:3    | Identified the cursed -5 hat "Siupreg" {rPois Str-5 Int+3}
                  | (You found it on level 3 of the Elven Halls)
 70084 | Elf:3    | Got a smoking copper ring
 70085 | Elf:3    | Identified the ring "Foxzycs" {rElec MR+ Str+2 Stlth+} (You
                  | found it on level 3 of the Elven Halls)
 70091 | Elf:3    | Identified Sif Muna's Tome of Attacks and Orientation
 70097 | Elf:3    | Identified the Papyrus of Toxins and Stones
 72001 | Lair:1   | Reached skill level 20 in Dodging
 72314 | Shoals:2 | Killed ReteAZ's ghost
 72464 | Shoals:2 | Identified the +5 hand axe of Ufoekifa {antimagic, Dex+3
                  | SInv} (You found it on level 2 of the Shoals)
 73095 | Depths:1 | Entered Level 1 of the Depths
 73100 | Depths:1 | Received a gift from Yredelemnul (a vampire)
 73117 | Depths:1 | Reached skill level 17 in Shields
 73136 | Depths:1 | Identified +0 fire dragon scales
 73137 | Depths:1 | Received a gift from Yredelemnul (a phantasmal warrior)
 73163 | Depths:1 | Received a gift from Yredelemnul (a ghoul)
 73333 | Depths:1 | Found a gateway to Hell.
 73352 | Depths:1 | Found a one-way gate to the infinite horrors of the Abyss.
 73363 | Depths:1 | Received a gift from Yredelemnul (a profane servitor)
 73423 | Depths:1 | Found Ciatynlu's Jewellery Shop.
 73423 | Depths:1 | Found Jeujenet's Gadget Shoppe.
 73425 | Depths:1 | Found Zehanet's Jewellery Shop.
 73430 | Depths:1 | Bought a +4 ring of evasion for 612 gold pieces
 73519 | Depths:1 | Reached skill level 16 in Polearms
 73783 | Depths:1 | Identified quicksilver dragon scales
 73869 | Depths:2 | Received a gift from Yredelemnul (a vampire)
 73962 | Depths:2 | Received a gift from Yredelemnul (a vampire)
 73967 | Depths:2 | Got a translucent wooden ring
 73968 | Depths:2 | Identified the cursed ring "Lok Nyivi" {+Blink MP+9 AC-4
                  | Slay+3} (You found it on level 2 of the Depths)
 74050 | Depths:2 | Identified +0 fire dragon scales
 74059 | Depths:2 | Reached skill level 19 in Fighting
 74294 | Depths:2 | Received a gift from Yredelemnul (a vampire)
 74295 | Depths:2 | Identified +0 fire dragon scales
 74579 | Depths:2 | Reached XP level 23. HP: 174/174 MP: 37/37
 74652 | Depths:2 | Reached skill level 21 in Dodging
 74655 | Depths:2 | Identified quicksilver dragon scales
 74658 | Depths:2 | Reached skill level 17 in Polearms
 74681 | Depths:2 | Identified +0 ice dragon scales
 74707 | Depths:2 | Found Ociuts's Distillery.
 74707 | Depths:2 | Found Ycker's Jewellery Boutique.
 74708 | Depths:2 | Found Soethuet's Distillery.
 74709 | Depths:2 | Found Xidghadea's Antique Armour Emporium.
 74718 | Depths:2 | Bought 2 potions of heal wounds for 200 gold pieces
 74728 | Depths:2 | Bought 2 potions of heal wounds for 190 gold pieces
 74758 | Depths:2 | Noticed a caustic shrike
 74766 | Depths:2 | Killed a caustic shrike
 74846 | Depths:2 | Received a gift from Yredelemnul (a phantasmal warrior)
 75154 | Depths:3 | Received a gift from Yredelemnul (a vampire knight)
 75435 | Depths:3 | Received a gift from Yredelemnul (a skeletal warrior)
 75608 | Depths:3 | Found a gateway to a ziggurat.
 75697 | Depths:3 | Found a runed translucent door.
 75724 | Depths:3 | Reached skill level 18 in Shields
 75733 | Depths:3 | Received a gift from Yredelemnul (a phantasmal warrior)
 75777 | Depths:3 | Identified quicksilver dragon scales
 75794 | Depths:3 | Received a gift from Yredelemnul (a vampire)
 75818 | Depths:3 | Reached skill level 18 in Polearms
 75831 | Depths:3 | Identified the +11 battleaxe of the Shimmering Pariah
                  | {drain, rF+} (You found it on level 3 of the Depths)
 75860 | Depths:3 | Found a runed translucent door.
 75860 | Depths:3 | Found a runed translucent door.
 75868 | Depths:3 | Noticed a caustic shrike
 75874 | Depths:3 | Killed a caustic shrike
 75920 | Depths:3 | Identified Ofiojath's Handbook of Summoning and the
                  | Snowflakes
 75921 | Depths:3 | Got a flickering iron ring
 75921 | Depths:3 | Got a bound lapis lazuli ring
 75922 | Depths:3 | Identified the ring "Diang" {rPois rF++ MR- MP+9 Dex+3}
                  | (You found it on level 3 of the Depths)
 75923 | Depths:3 | Identified the ring "Peche" {rElec rPois rN+ Str-5 Dex+6
                  | SInv} (You found it on level 3 of the Depths)
 76960 | Depths:3 | Noticed an ancient lich
 76969 | Depths:3 | Killed an ancient lich
 77350 | Depths:4 | Noticed the Enchantress
 77364 | Depths:4 | Killed the Enchantress
 77365 | Depths:4 | Received a gift from Yredelemnul (a vampire knight)
 77381 | Depths:4 | Noticed Sojobo
 77390 | Depths:4 | Reached skill level 22 in Dodging
 77407 | Depths:4 | Killed Sojobo
 77818 | Depths:4 | Found Opnipenu's General Store.
 77826 | Depths:4 | Bought a scroll of identify for 28 gold pieces
 77965 | Depths:4 | Reached XP level 24. HP: 176/182 MP: 37/37
 77985 | Depths:4 | Acquired 1410 gold pieces
 78207 | Depths:4 | Found a snail-covered altar of Cheibriados.
 78302 | Depths:4 | Received a gift from Yredelemnul (a ghoul)
 78317 | Depths:4 | Your ally Enchantress died
 78337 | Depths:4 | Reached skill level 20 in Fighting
 78381 | Depths:4 | Identified +0 shadow dragon scales
 78381 | Depths:4 | Noticed Margery
 78393 | Depths:4 | Received a gift from Yredelemnul (a vampire)
 78396 | Depths:4 | Killed Margery
 78559 | Depths:4 | Found a runed translucent door.
 78561 | Depths:4 | Identified the +2 leather armour of Responsibility {rN+
                  | rCorr Str+4}
 78561 | Depths:4 | Noticed a caustic shrike
 78798 | Depths:4 | Identified +0 gold dragon scales
 78810 | Depths:4 | Killed a caustic shrike
 78810 | Depths:4 | Received a gift from Yredelemnul (a skeletal warrior)
 78845 | Depths:4 | Got a slimy steel ring
 78846 | Depths:4 | Identified the ring "Wulohog" {Int+5 Stlth-} (You found it
                  | on level 4 of the Depths)
 78912 | Depths:5 | Entered Level 5 of the Depths
 79077 | Depths:5 | Identified +0 ice dragon scales
 79086 | Depths:5 | Identified +0 ice dragon scales
 79098 | Depths:5 | Reached skill level 19 in Polearms
 79111 | Depths:5 | Identified +0 fire dragon scales
 79184 | Depths:5 | Found a gate to the Realm of Zot.
 79192 | Depths:5 | Received a gift from Yredelemnul (a ghoul)
 81189 | Vaults:5 | Entered Level 5 of the Vaults
 81192 | Vaults:5 | Identified +0 gold dragon scales
 81299 | Vaults:5 | Received a gift from Yredelemnul (a flayed ghost)
 81616 | Vaults:5 | Reached skill level 12 in Invocations
 81759 | Vaults:5 | Received a gift from Yredelemnul (a phantasmal warrior)
 81840 | Vaults:5 | Reached skill level 13 in Invocations
 81855 | Vaults:5 | Reached XP level 25. HP: 190/190 MP: 31/37
 81864 | Vaults:5 | Received a gift from Yredelemnul (a vampire knight)
 82033 | Vaults:5 | Found the +8 frozen axe "Frostbite" {freezing cloud, *Noise
                  | +Fly rC+}
 82051 | Vaults:5 | Identified the Disquisition on the Oath
 82125 | Vaults:5 | Identified the +8 scythe "Dirran" {vorpal, +Blink rC++}
 82139 | Vaults:5 | Reached skill level 14 in Invocations
 82268 | Vaults:5 | Identified the +6 halberd of Blood-Lust {vorpal, Int+9
                  | Dex+2 SInv Stlth-} (You found it on level 5 of the Vaults)
 82332 | Vaults:5 | Received a gift from Yredelemnul (a flayed ghost)
 82362 | Vaults:5 | Reached skill level 15 in Invocations
 82392 | Vaults:5 | Received a gift from Yredelemnul (a ghoul)
 82427 | Vaults:5 | Received a gift from Yredelemnul (a flayed ghost)
 82437 | Vaults:5 | Reached skill level 16 in Invocations
 82535 | Vaults:5 | Received a gift from Yredelemnul (a vampire knight)
 82658 | Vaults:5 | Gained mutation: You tend to lose your temper in combat. [a
                  | shining eye]
 82668 | Vaults:5 | Received a gift from Yredelemnul (a ghoul)
 82668 | Vaults:5 | Lost mutation: Your flesh is heat resistant. (rF+) [potion
                  | of mutation]
 82668 | Vaults:5 | Lost mutation: One of your tentacles bears a spike. [potion
                  | of mutation]
 82668 | Vaults:5 | Gained mutation: Your spells are a little harder to cast,
                  | but a little more powerful. [potion of mutation]
 82668 | Vaults:5 | Lost mutation: You tend to lose your temper in combat.
                  | [potion of mutation]
 82668 | Vaults:5 | Gained mutation: You are resistant to hostile enchantments.
                  | (MR+) [potion of mutation]
 82689 | Vaults:5 | Identified Wupeita's Second Course in Sorcery
 82771 | Vaults:5 | Found the brooch of Shielding {Spirit SH+8}
 82865 | Vaults:5 | Reached skill level 17 in Invocations
 82880 | Vaults:5 | Identified the ring "Ziamenig" {rPois rF- rC+ Dex+2} (You
                  | found it on level 5 of the Vaults)
 82943 | Vaults:5 | Found Uvuxzent's Armour Shop.
 83058 | Vaults:5 | Got a silver rune of Zot
 83354 | Vaults:5 | Found Uvuxzent's Armour Shop.
 83990 | Vaults:5 | Acquired 1160 gold pieces
 84861 | Crypt:1  | Entered Level 1 of the Crypt
 85105 | Crypt:1  | Found a runed translucent gate.
 85105 | Crypt:1  | Found a runed translucent gate.
 85105 | Crypt:1  | Found a runed translucent gate.
 85179 | Crypt:1  | Found an opulent altar of Gozag.
 85181 | Crypt:1  | Noticed Uddiapie's ghost (veteran GrFi)
 85182 | Crypt:1  | Found Orona's Assorted Antiques.
 85338 | Crypt:1  | Received a gift from Yredelemnul (a phantasmal warrior)
 85480 | Crypt:1  | Reached skill level 18 in Invocations
 85548 | Crypt:1  | Identified the Handbook of Black Magic
 85904 | Crypt:1  | Received a gift from Yredelemnul (a phantasmal warrior)
 85926 | Crypt:1  | Reached XP level 26. HP: 110/197 MP: 25/37
 85928 | Crypt:1  | Killed Uddiapie's ghost
 86144 | Crypt:1  | Bought 2 potions of haste for 920 gold pieces
 86144 | Crypt:1  | Bought a scroll of identify for 92 gold pieces
 86144 | Crypt:1  | Bought a potion of lignification for 138 gold pieces
 86144 | Crypt:1  | Bought 2 scrolls of remove curse for 276 gold pieces
 86301 | Crypt:2  | Received a gift from Yredelemnul (a phantasmal warrior)
 86343 | Crypt:2  | Reached skill level 19 in Invocations
 86625 | Crypt:2  | Received a gift from Yredelemnul (a bone dragon)
 86931 | Crypt:3  | Entered Level 3 of the Crypt
 87072 | Crypt:3  | Received a gift from Yredelemnul (a skeletal warrior)
 87134 | Crypt:3  | Found a basalt altar of Yredelemnul.
 87169 | Crypt:3  | Received a gift from Yredelemnul (a ghoul)
 87303 | Crypt:3  | Found the +7 Kryia's mail coat {PotionHeal*2 rC+}
 87311 | Crypt:3  | Reached skill level 20 in Invocations
 87317 | Crypt:3  | Got a brightly glowing steel ring
 87317 | Crypt:3  | Got a warped turquoise ring
 87317 | Crypt:3  | Got a vibrating lead ring
 87324 | Crypt:3  | Identified the ring "Douq" {rN+ Str+6} (You found it on
                  | level 3 of the Crypt)
 87326 | Crypt:3  | Identified the ring of the Archfiend {*Drain rElec rPois
                  | rC+ rN+ Int+4} (You found it on level 3 of the Crypt)
 87328 | Crypt:3  | Identified the ring "Gysch" {+Fly rN+ Str+3 Int-4} (You
                  | found it on level 3 of the Crypt)
 87374 | Crypt:3  | Reached skill level 6 in Stealth
 87398 | Crypt:3  | Reached skill level 7 in Stealth
 87431 | Crypt:3  | Reached skill level 8 in Stealth
 87431 | Crypt:3  | Received a gift from Yredelemnul (a profane servitor)
 87449 | Crypt:3  | Reached skill level 9 in Stealth
 87497 | Crypt:3  | Reached skill level 10 in Stealth
 87584 | Crypt:3  | Found the +5 scythe "Finisher" {speed, eviscerate}
 87590 | Crypt:3  | Reached skill level 11 in Stealth
 87747 | Crypt:3  | Reached skill level 12 in Stealth
 87805 | Crypt:3  | Received a gift from Yredelemnul (a ghoul)
 87826 | Crypt:3  | Reached skill level 13 in Stealth
 87841 | Crypt:3  | Received a gift from Yredelemnul (a ghoul)
 88330 | Crypt:3  | Found a staircase to the Tomb.
 88454 | Crypt:3  | Reached skill level 14 in Stealth
 89452 | Slime:1  | Entered Level 1 of the Pits of Slime
 89631 | Slime:1  | Reached skill level 15 in Stealth
 89640 | Slime:1  | Received a gift from Yredelemnul (a vampire knight)
 89988 | Slime:1  | Found a viscous altar of Jiyva.
 90131 | Slime:2  | Reached skill level 16 in Stealth
 90162 | Slime:1  | Received a gift from Yredelemnul (a vampire knight)
 90306 | Slime:2  | Received a gift from Yredelemnul (a profane servitor)
 90339 | Slime:2  | Received a gift from Yredelemnul (a vampire)
 90359 | Slime:2  | Reached skill level 17 in Stealth
 90360 | Slime:2  | Gained mutation: You are weak. (Str -2) [a shining eye]
 90809 | Slime:3  | Found a viscous altar of Jiyva.
 90836 | Slime:3  | Received a gift from Yredelemnul (a skeletal warrior)
 91425 | Slime:3  | Received a gift from Yredelemnul (a flayed ghost)
 91509 | Slime:4  | Reached XP level 27. HP: 203/203 MP: 37/37
 91650 | Slime:4  | Gained mutation: Your magical capacity is low. (-10% MP) [a
                  | shining eye]
 91654 | Slime:3  | Gained mutation: You are clumsy. (Dex -2) [a shining eye]
 91656 | Slime:3  | Received a gift from Yredelemnul (a ghoul)
 91846 | Slime:4  | Reached skill level 18 in Stealth
 91846 | Slime:4  | Reached skill level 21 in Invocations
 91867 | Slime:4  | Received a gift from Yredelemnul (a phantasmal warrior)
 92328 | Slime:5  | Entered Level 5 of the Pits of Slime
 92346 | Slime:5  | Gained mutation: You are frail. (-10% HP) [a shining eye]
 92347 | Slime:5  | Gained mutation: You tend to lose your temper in combat. [a
                  | shining eye]
 92375 | Slime:5  | Noticed the Royal Jelly
 92423 | Slime:4  | Lost mutation: You are clumsy. (Dex -2) [potion of
                  | mutation]
 92423 | Slime:4  | Lost mutation: You are weak. (Str -2) [potion of mutation]
 92423 | Slime:4  | Lost mutation: Your spells are a little harder to cast, but
                  | a little more powerful. [potion of mutation]
 92423 | Slime:4  | Gained mutation: You are highly resistant to hostile
                  | enchantments. (MR++) [potion of mutation]
 92423 | Slime:4  | Gained mutation: Your natural rate of healing is unusually
                  | fast. [potion of mutation]
 92424 | Slime:4  | Lost mutation: You tend to lose your temper in combat.
                  | [potion of mutation]
 92424 | Slime:4  | Lost mutation: You are highly resistant to hostile
                  | enchantments. (MR++) [potion of mutation]
 92424 | Slime:4  | Gained mutation: Your magical capacity is very low. (-20%
                  | MP) [potion of mutation]
 92424 | Slime:4  | Lost mutation: You are frail. (-10% HP) [potion of
                  | mutation]
 92650 | Slime:5  | Killed the Royal Jelly
 92650 | Slime:5  | Reached skill level 19 in Stealth
 92893 | Slime:5  | Found the +8 longbow "Zephyr" {speed, Dex+3 SInv}
 92893 | Slime:5  | Found the +8 storm bow {elec, penet}
 92994 | Slime:5  | Got a slimy rune of Zot
 92996 | Slime:5  | Got an ancient marble ring
 92997 | Slime:5  | Identified the ring "Ybieq" {+Inv rN+ Int+4 SInv} (You
                  | found it on level 5 of the Pits of Slime)
 93637 | Shoals:2 | Bought a potion of curing for 45 gold pieces
 93637 | Shoals:2 | Bought a scroll of magic mapping for 52 gold pieces
 93637 | Shoals:2 | Bought a potion of ambrosia for 120 gold pieces
 93637 | Shoals:2 | Bought a potion of flight for 45 gold pieces
 93850 | D:5      | Bought a potion of lignification for 30 gold pieces
 93850 | D:5      | Bought a potion of stabbing for 40 gold pieces
 93850 | D:5      | Bought 2 potions of haste for 200 gold pieces
 93997 | Orc:2    | Bought a potion of ambrosia for 112 gold pieces
 93997 | Orc:2    | Bought a potion of brilliance for 56 gold pieces
 93999 | Orc:2    | Bought a scroll of enchant armour for 112 gold pieces
 94030 | Orc:2    | Bought a manual of Polearms for 1656 gold pieces
 94292 | Vaults:2 | Bought a scroll of fog for 80 gold pieces
 94292 | Vaults:2 | Bought a wand of acid (6) for 320 gold pieces
 94292 | Vaults:2 | Bought a potion of haste for 400 gold pieces
 94292 | Vaults:2 | Bought a potion of curing for 120 gold pieces
 94292 | Vaults:2 | Bought a potion of stabbing for 160 gold pieces
 94292 | Vaults:2 | Bought a scroll of fog for 80 gold pieces
 94292 | Vaults:2 | Bought a scroll of teleportation for 120 gold pieces
 94458 | D:15     | Bought a potion of mutation for 112 gold pieces
 94563 | Depths:2 | Bought a potion of mutation for 152 gold pieces
 94563 | Depths:2 | Bought a potion of magic for 152 gold pieces
 94563 | Depths:2 | Bought a potion of curing for 57 gold pieces
 94563 | Depths:2 | Bought a potion of curing for 57 gold pieces
 94563 | Depths:2 | Bought 2 potions of resistance for 380 gold pieces
 94563 | Depths:2 | Bought a potion of lignification for 57 gold pieces
 94563 | Depths:2 | Bought a potion of invisibility for 152 gold pieces
 94563 | Depths:2 | Bought a potion of curing for 57 gold pieces
 94563 | Depths:2 | Bought a potion of haste for 190 gold pieces
 94563 | Depths:2 | Bought a potion of curing for 57 gold pieces
 94563 | Depths:2 | Bought a potion of lignification for 57 gold pieces
 94563 | Depths:2 | Bought a potion of ambrosia for 152 gold pieces
 95383 | Zot:1    | Entered Level 1 of the Realm of Zot
 95853 | Zot:1    | Reached skill level 20 in Polearms
 95858 | Zot:1    | Received a gift from Yredelemnul (a ghoul)
 95894 | Zot:1    | Reached skill level 22 in Invocations
 96018 | Zot:1    | Identified quicksilver dragon scales
 96040 | Zot:1    | Reached skill level 19 in Shields
 96040 | Zot:1    | Received a gift from Yredelemnul (a skeletal warrior)
 96708 | Zot:2    | Identified +0 storm dragon scales
 96909 | Zot:2    | Received a gift from Yredelemnul (a vampire knight)
 97502 | Zot:2    | Reached skill level 21 in Polearms
 97657 | Zot:3    | Received a gift from Yredelemnul (a skeletal warrior)
 98034 | Zot:3    | Identified +0 storm dragon scales
 98060 | Zot:3    | Noticed an orb of fire
 98073 | Zot:3    | Killed an orb of fire
 98369 | Zot:3    | Received a gift from Yredelemnul (a vampire knight)
 98398 | Zot:3    | Identified +0 gold dragon scales
 98443 | Zot:3    | Received a gift from Yredelemnul (a vampire knight)
 98463 | Zot:3    | Reached skill level 22 in Polearms
 98467 | Zot:3    | Reached skill level 23 in Invocations
 98469 | Zot:3    | Reached skill level 20 in Shields
 98558 | Zot:3    | Identified +0 gold dragon scales
 98642 | Zot:3    | Identified +0 storm dragon scales
 98923 | Zot:3    | Noticed an orb of fire
 98941 | Zot:3    | Killed an orb of fire
 99217 | Zot:3    | Received a gift from Yredelemnul (a phantasmal warrior)
 99918 | Hell     | Entered the Vestibule of Hell
 99918 | Hell     | Noticed Geryon
 99942 | Depths:5 | Received a gift from Yredelemnul (a phantasmal warrior)
100132 | Hell     | Killed Geryon
100266 | Hell     | Found a gateway to the Iron City of Dis.
100284 | Hell     | Received a gift from Yredelemnul (a profane servitor)
100349 | Hell     | Found a gateway to the freezing wastes of Cocytus.
100414 | Hell     | Reached skill level 24 in Invocations
100422 | Hell     | Found a gateway to the decaying netherworld of Tartarus.
100523 | Hell     | Found a gateway to the ashen valley of Gehenna.
100871 | Zot:3    | Received a gift from Yredelemnul (a ghoul)
101065 | Zot:4    | Acquired 1210 gold pieces
101196 | Zot:4    | Identified quicksilver dragon scales
101292 | Zot:4    | Reached skill level 25 in Invocations
101862 | Zot:5    | Entered Level 5 of the Realm of Zot
101944 | Zot:5    | Identified +0 shadow dragon scales
102733 | Zot:5    | Reached skill level 26 in Invocations
102808 | Zot:5    | Noticed an orb of fire
102833 | Zot:5    | Noticed an orb of fire
102851 | Zot:5    | Killed an orb of fire
102857 | Zot:5    | Killed an orb of fire
102864 | Zot:5    | Noticed an orb of fire
102880 | Zot:5    | Killed an orb of fire
102881 | Zot:5    | Noticed an orb of fire
102890 | Zot:5    | Gained mutation: You tend to lose your temper in combat.
                  | [an orb of fire]
102894 | Zot:5    | Gained mutation: You are frail. (-10% HP) [an orb of fire]
102895 | Zot:5    | Gained mutation: Your body sometimes deteriorates upon
                  | taking damage. [an orb of fire]
102896 | Zot:5    | Killed an orb of fire
103036 | Zot:5    | Noticed an ancient lich
103047 | Zot:5    | Noticed an orb of fire
103048 | Zot:5    | Killed an ancient lich
103052 | Zot:5    | Gained mutation: You are weak. (Str -2) [an orb of fire]
103056 | Zot:5    | Noticed an orb of fire
103058 | Zot:5    | Reached skill level 27 in Invocations
103068 | Zot:5    | Killed an orb of fire
103077 | Zot:5    | Noticed an ancient lich
103089 | Zot:5    | Lost mutation: You are weak. (Str -2) [an orb of fire]
103092 | Zot:5    | Killed an orb of fire
103092 | Zot:5    | Received a gift from Yredelemnul (a skeletal warrior)
103123 | Zot:5    | Killed an ancient lich
103123 | Zot:5    | Reached skill level 21 in Shields
104467 | Zot:5    | Noticed an orb of fire
104492 | Zot:5    | Gained mutation: You are weak. (Str -2) [an orb of fire]
104495 | Zot:5    | Killed an orb of fire
104603 | Zot:5    | Lost mutation: You are weak. (Str -2) [potion of mutation]
104603 | Zot:5    | Lost mutation: You tend to lose your temper in combat.
                  | [potion of mutation]
104603 | Zot:5    | Lost mutation: Your body sometimes deteriorates upon taking
                  | damage. [potion of mutation]
104603 | Zot:5    | Lost mutation: You are resistant to hostile enchantments.
                  | (MR+) [potion of mutation]
104603 | Zot:5    | Gained mutation: You are partially covered in rugged brown
                  | scales. (AC +1, +3% HP) [potion of mutation]
104662 | Zot:5    | Reached skill level 22 in Shields
104736 | Zot:5    | Noticed an orb of fire
104742 | Zot:5    | Gained mutation: Your body sometimes deteriorates upon
                  | taking damage. [an orb of fire]
104751 | Zot:5    | Killed an orb of fire
104794 | Zot:5    | Noticed an orb of fire
104900 | Zot:4    | Acquired 1720 gold pieces
104901 | Zot:4    | Acquired 750 gold pieces
104905 | Zot:4    | Upgraded the game from 0.26-a0-591-g04f19ec95a to
                  | 0.26-a0-597-gb535b0901c
104938 | Zot:5    | Received a gift from Yredelemnul (a flayed ghost)
105428 | Zot:5    | Reached skill level 23 in Shields
105456 | Zot:5    | Gained mutation: You are weak. (Str -2) [an orb of fire]
105460 | Zot:5    | Killed an orb of fire
106902 | D:3      | Killed Crazy Yiuf
107455 | Depths:2 | Bought a potion of cancellation for 160 gold pieces
107455 | Depths:2 | Bought a potion of resistance for 200 gold pieces
107455 | Depths:2 | Bought a potion of flight for 60 gold pieces
107455 | Depths:2 | Bought a potion of ambrosia for 160 gold pieces
107455 | Depths:2 | Bought a potion of flight for 60 gold pieces
107455 | Depths:2 | Bought a potion of brilliance for 80 gold pieces
107455 | Depths:2 | Bought a potion of invisibility for 160 gold pieces
107455 | Depths:2 | Bought a potion of curing for 60 gold pieces
107457 | Depths:2 | Bought a potion of brilliance for 76 gold pieces
109892 | Zot:5    | Lost mutation: Your magical capacity is very low. (-20% MP)
                  | [potion of mutation]
109892 | Zot:5    | Lost mutation: Your magical capacity is low. (-10% MP)
                  | [potion of mutation]
109892 | Zot:5    | Lost mutation: You are frail. (-10% HP) [potion of
                  | mutation]
109892 | Zot:5    | Lost mutation: Your body sometimes deteriorates upon taking
                  | damage. [potion of mutation]
109892 | Zot:5    | Gained mutation: Your skin blends seamlessly with your
                  | surroundings (Stealth++). [potion of mutation]
109892 | Zot:5    | Lost mutation: You are weak. (Str -2) [potion of mutation]
109892 | Zot:5    | Gained mutation: You have a beak for a mouth. [potion of
                  | mutation]
109917 | Zot:5    | Got the Orb of Zot
110023 | Zot:4    | Noticed Cecoatid the pandemonium lord
110057 | Zot:4    | Killed Cecoatid the pandemonium lord
110174 | Zot:1    | Received a gift from Yredelemnul (a flayed ghost)
110268 | Depths:4 | Noticed Xitipn the pandemonium lord
110526 | D:11     | Received a gift from Yredelemnul (a vampire knight)
110649 | D:6      | Reached skill level 24 in Shields
110749 | D:5      | Noticed Danukhal the pandemonium lord
110773 | D:4      | Identified +2 fire dragon scales
110773 | D:4      | Noticed a seraph
110790 | D:4      | Killed a seraph
110911 | D:3      | Received a gift from Yredelemnul (a vampire)
111010 | D:$      | Escaped with the Orb!

Vanquished Creatures
  the Royal Jelly (Slime:5)
  10 orbs of fire
  2 ancient liches (Zot:5)
  Sojobo (Depths:4)
  Margery (Depths:4)
  6 Killer Klowns
  2 curse toes (Zot:3)
  Saint Roka (Vaults:3)
  7 golden dragons
  2 caustic shrikes
  A profane servitor (Zot:5)
  2 bone dragons
  the Enchantress (Depths:4)
  2 electric golems (Zot:5)
  29 Orb Guardians
  4 liches
  A moon troll (WizLab)
  16 tentacled monstrosities
  The ghost of ReteAZ the Protected, an adept GnGl of Cheibriados (Shoals:2)
  13 quicksilver dragons
  2 titans
  21 acid blobs
  3 sphinxes
  3 tentacled starspawn (WizLab)
  2 ancient champions (Hell)
  13 death cobs
  6 shadow dragons
  10 storm dragons
  6 draconian monks
  2 tengu reavers (Depths:4)
  2 revenants (Crypt:1)
  8 frost giants
  2 daevas
  6 fire giants
  11 azure jellies
  7 draconian scorchers
  4 deep elf sorcerers
  10 vault wardens
  10 draconian knights
  2 angels
  2 balrugs
  3 iron dragons
  6 ghost moths
  An orc warlord (Orc:2)
  3 reapers
  11 ghouls
  3 spriggan defenders
  3 draconian stormcallers (Zot:3)
  11 draconian annihilators
  10 draconian shifters
  A war gargoyle (Hell)
  A cacodemon (WizLab)
  23 stone giants
  23 very ugly things
  11 ironheart preservers
  3 vampire knights (Crypt:1)
  An entropy weaver (Vaults:1)
  The ghost of Fopaha Niyl the Slicer, a journeyman GrFi of Okawaru (Lair:5)
  16 green draconians
  2 deep elf demonologists (Elf:3)
  112 slime creatures
  2 lorocyprocas
  10 red draconians
  14 black draconians
  15 white draconians
  4 spark wasps
  11 yellow draconians
  8 purple draconians
  4 deep elf annihilators
  2 merfolk javelineers (Shoals:4)
  2 deep elf death magi
  8 eidola
  2 jiangshi (Crypt:1)
  Snorg (D:11)
  2 quicksilver dragon zombies (Crypt:1)
  7 ettins
  5 fire dragons
  16 death oozes
  A blizzard demon (Hell)
  8 yaktaur captains
  Josephine (Lair:6)
  3 deep elf high priests (Vaults:5)
  15 great orbs of eyes
  A catoblepas (Shoals:1)
  14 vault guards
  6 hydras
  11 ice dragons
  2 rakshasas
  6 spriggan air magi
  A monstrous demonspawn (Zot:1)
  13 two-headed ogres
  A merfolk aquamancer (Shoals:4)
  5 dancing weapons
  5 ogre magi
  A two-headed ogre (shapeshifter) (Depths:2)
  2 death yaks
  A satyr (Shoals:4)
  2 centaur warriors
  3 deep troll earth magi
  6 death knights
  6 orc high priests
  2 spriggan berserkers
  5 tengu warriors
  3 vampire magi (Crypt:1)
  8 hell hogs
  4 deep troll shamans
  Urug (D:11)
  8 deep elf knights
  13 sun demons
  A shadow wraith (Crypt:1)
  31 skeletal warriors
  3 sea snakes
  A sea snake (shapeshifter) (Depths:2)
  5 flayed ghosts
  4 wizards
  A cherub (D:4)
  A hell knight (Depths:4)
  6 glowing orange brains
  20 deep trolls
  A deep troll (shapeshifter) (Vaults:5)
  A gelid demonspawn (D:6)
  5 infernal demonspawn
  An obsidian statue (Crypt:1)
  2 swamp dragons (shapeshifter)
  A lindwurm (Lair:6)
  An orange crystal statue (WizLab)
  18 orc knights
  13 phantasmal warriors
  22 deep elf magi
  12 ironbrand convokers
  2 deep elf archers
  7 necromancers
  5 shining eyes
  Pikel (D:9)
  A manticore (shapeshifter) (Vaults:4)
  A stone giant zombie (D:15)
  3 harpies
  A shadow dragon skeleton (Crypt:1)
  A large abomination (Zot:4)
  4 orb spiders
  A cyclops (shapeshifter) (Vaults:2)
  A frost giant zombie (D:15)
  An iron dragon zombie (Crypt:3)
  7 orc sorcerers
  11 wolf spiders
  16 ugly things
  2 cyclopes
  4 manticores
  A toenail golem (D:11)
  A faun (Shoals:2)
  2 tengu skeletons (Vaults:3)
  3 stone giant skeletons
  27 moths of wrath
  2 water nymphs
  8 eyes of devastation
  4 rust devils
  4 elephants
  3 merfolk sirens
  3 ice statues (IceCv)
  Joseph (D:9)
  A spectral iron troll (Crypt:1)
  7 human skeletons (Vaults:3)
  6 black mambas
  3 molten gargoyles (Lair:6)
  7 vault sentinels
  5 centaur skeletons
  A spectral swamp worm (Depths:4)
  2 hellions
  A komodo dragon (shapeshifter) (D:13)
  An efreet (Zot:1)
  A rime drake (Shoals:4)
  5 cane toads
  7 freezing wraiths
  2 spectral deep trolls (Crypt:1)
  21 yaktaurs
  A catoblepas zombie (Crypt:3)
  A white draconian skeleton (Crypt:2)
  7 ice devils
  3 anaconda simulacra (IceCv)
  A tengu conjurer (Depths:2)
  A red devil (Zot:1)
  10 komodo dragons
  A yaktaur skeleton (Vaults:3)
  11 trolls
  A yellow draconian skeleton (Crypt:2)
  2 meliai (shapeshifter)
  3 polar bears (Lair:5)
  A wind drake (shapeshifter) (Vaults:5)
  4 harpy zombies
  4 hydra zombies
  5 merfolk
  2 bog bodies (Crypt:2)
  Grinder (D:4)
  3 wind drakes (Shoals:4)
  12 jumping spiders
  Prince Ribbit (D:5)
  A wolf spider simulacrum (D:14)
  An ice dragon zombie (Hell)
  6 hornets
  A snapping turtle (Shoals:4)
  12 blink frogs
  A hippogriff (shapeshifter) (Vaults:5)
  A black mamba zombie (Crypt:2)
  8 dream sheep
  9 hippogriffs
  A frost giant simulacrum (Crypt:1)
  An air elemental (Elf:2)
  13 tarantellas
  23 redbacks
  A redback (shapeshifter) (Vaults:5)
  An alligator skeleton (Hell)
  6 spriggans
  2 ynoxinuls
  Sigmund (D:4)
  A tarantella (shapeshifter) (Depths:3)
  An ettin skeleton (Crypt:1)
  9 water elementals
  7 flying skulls (D:14)
  2 shadows
  Eustachio (D:6)
  14 wraiths
  A dire elephant simulacrum (IceCv)
  An ice dragon skeleton (Hell)
  5 fire elementals
  22 yaks
  2 wyverns
  An ushabti (Crypt:3)
  A human (shapeshifter) (Depths:5)
  2 neqoxecs (WizLab)
  9 basilisks
  19 golden eyes
  A steam dragon (Lair:6)
  5 wargs
  A vampire mosquito (D:15)
  2 hell hounds (Lair:6)
  2 harpy simulacra (IceCv)
  2 iron troll simulacra (IceCv)
  3 acid dragons
  A cane toad zombie (Hell)
  A soldier ant (D:12)
  11 water moccasins
  2 hydra simulacra (IceCv)
  3 porcupines
  Duvessa (D:7)
  3 floating eyes
  48 orc warriors
  2 black bears
  12 eyes of draining
  10 necrophages
  A sky beast (D:4)
  3 phantoms
  9 centaurs
  2 ice beasts
  A tengu (shapeshifter) (D:14)
  14 ogres
  7 wolves
  7 boggarts
  5 crocodiles
  A lemure (D:9)
  A salamander zombie (Crypt:1)
  Blork the orc (D:4)
  2 big kobolds
  A yaktaur zombie (Crypt:1)
  A cyclops zombie (Crypt:2)
  7 bullfrogs
  A salamander skeleton (Crypt:2)
  A glowing shapeshifter simulacrum (Vaults:3)
  4 earth elementals
  Dowan (D:7)
  7 wyvern skeletons
  A spriggan zombie (Crypt:1)
  3 scorpions
  39 killer bees
  2 elf simulacra
  15 wights
  An electric eel (Spider:2)
  A howler monkey (D:7)
  3 lava snakes (Lair:6)
  A quasit (D:10)
  4 starcursed masses (WizLab)
  A centaur zombie (Crypt:1)
  A human simulacrum (Vaults:3)
  6 hounds
  4 jellies
  22 orc wizards
  Crazy Yiuf (D:3)
  22 orc priests
  3 iron imps
  A bullfrog skeleton (D:5)
  3 iguanas
  6 worker ants
  3 killer bee zombies
  A sky beast zombie (Crypt:2)
  A tengu zombie (Crypt:3)
  A hound skeleton (D:8)
  A mummy (Crypt:3)
  Robin (D:3)
  A worker ant zombie (D:11)
  10 gnolls
  9 adders
  3 shadow imps
  2 white imps
  An ufetubus (D:6)
  2 oozes
  An adder zombie (D:9)
  An adder skeleton (D:5)
  2 worms
  2 dart slugs
  3 leopard geckos
  93 orcs
  A bat zombie (Crypt:2)
  8 giant cockroaches
  15 goblins
  10 hobgoblins
  7 jackals
  3 quokkas
  3 ball pythons
  8 bats
  5 frilled lizards
  A jackal skeleton (D:4)
  18 kobolds
  A leopard gecko zombie (D:8)
  An orc zombie (Crypt:2)
  A quokka skeleton (D:9)
  3 rats
  5 starspawn tentacles (WizLab)
1916 creatures vanquished.

Vanquished Creatures (collateral kills)
  A seraph (D:4)
  A pandemonium lord (Zot:4)
  An orb of fire (Zot:3)
  The ghost of Paarhy the Hoplite, a legendary MfBe of Trog (Vaults:4)
  The ghost of Paarhy the Hoplite, a legendary MfBe of Trog (Vaults:1)
  An ancient lich (Depths:3)
  The ghost of Uddiapie the Warrior, a veteran GrFi of the Shining One (Crypt:1)
  Geryon (Hell)
  A caustic shrike (Depths:3)
  3 golden dragons
  Nikola (Elf:3)
  The ghost of Mujukuneu the Cleaver, a veteran HuCj of Sif Muna (Vaults:1)
  A profane servitor (Crypt:3)
  Arachne (Spider:3)
  2 Ice Fiends
  6 tentacled monstrosities
  2 liches
  Jorgrun (Shoals:2)
  2 deep elf blademasters (Elf:3)
  A Hell Sentinel (D:13)
  2 quicksilver dragons
  2 deep elf master archers (Elf:3)
  Gastronok (D:9)
  6 titans
  4 tentacled starspawn (WizLab)
  A death cob (Zot:4)
  A sphinx (Depths:2)
  2 acid blobs
  An ancient champion (Crypt:1)
  Polyphemus (Shoals:4)
  Roxanne (Shoals:2)
  Donald (Spider:3)
  5 shadow dragons
  4 revenants
  A storm dragon (Vaults:5)
  7 tengu reavers
  2 azure jellies
  3 draconian monks
  Ilsuiw (Shoals:2)
  An iron dragon (Hell)
  2 deep elf sorcerers
  6 frost giants
  A balrug (D:6)
  A draconian scorcher (Zot:3)
  12 vault wardens
  5 emperor scorpions
  2 draconian shifters (Zot:3)
  5 ghost moths
  2 draconian knights
  8 fire giants
  3 curse skulls
  2 orc warlords
  5 spriggan defenders (Depths:4)
  3 ghouls
  3 deep elf elementalists (Elf:3)
  A draconian stormcaller (Depths:5)
  8 ironheart preservers
  A reaper (D:4)
  The ghost of thoughtsofsnow the Cleaver, a journeyman FoFi of Uskayaw (Orc:2)
  The ghost of Keaj the Unseen, an adept FeCK of Zin (Vaults:3)
  A juggernaut skeleton (Crypt:2)
  18 very ugly things
  7 entropy weavers
  2 war gargoyles
  6 vampire knights
  12 stone giants
  The ghost of Fopaha Niyl the Slicer, a journeyman GrFi of Okawaru (Lair:5)
  4 deep elf demonologists
  6 black draconians
  A green draconian (Zot:4)
  4 red draconians (Zot:3)
  2 purple draconians
  A lorocyproca (Hell)
  4 yellow draconians
  7 deep elf annihilators
  7 ettins
  4 spark wasps
  8 fire dragons
  7 deep elf death magi
  2 crystal guardians
  3 merfolk javelineers
  A blizzard demon (Hell)
  11 eidola
  A quicksilver dragon zombie (Crypt:3)
  A mummy priest (Crypt:3)
  21 yaktaur captains
  7 merfolk impalers
  7 great orbs of eyes
  Erolcha (D:9)
  5 rakshasas
  22 vault guards
  8 hydras
  3 ice dragons
  A catoblepas (Shoals:4)
  6 merfolk aquamancers
  2 spriggan air magi
  A catoblepas (shapeshifter) (Vaults:5)
  A merfolk avatar (Shoals:4)
  2 alligator snapping turtles
  10 centaur warriors
  6 ogre magi
  8 deep troll shamans
  26 dancing weapons
  8 death knights
  6 death yaks
  4 tengu warriors
  19 two-headed ogres
  11 deep troll earth magi
  A titan zombie (Crypt:3)
  2 vampire magi
  An orc high priest (Orc:2)
  4 soul eaters (Hell)
  2 spriggans (Depths:4)
  13 deep elf knights
  7 spriggan berserkers
  A storm dragon zombie (Crypt:3)
  A small abomination (Elf:3)
  5 hell knights (Depths:4)
  A sun demon (Orc:2)
  2 iron golems (Hell)
  A sea snake (shapeshifter) (Vaults:5)
  5 shadow wraiths
  28 skeletal warriors
  7 sea snakes
  A death drake (shapeshifter) (Vaults:5)
  6 iron trolls
  21 deep trolls
  7 deep elf archers
  An unseen horror (shapeshifter) (Depths:3)
  2 anaconda zombies (Hell)
  2 unseen horrors
  3 shadow dragon zombies (Crypt:3)
  A wizard (Vaults:1)
  13 ironbrand convokers
  5 flayed ghosts
  3 glowing orange brains
  An obsidian statue (D:9)
  13 harpies
  36 deep elf magi
  17 orc knights
  18 phantasmal warriors
  18 wolf spiders
  3 necromancers
  3 orc sorcerers (Orc:2)
  21 orb spiders
  A wolf spider zombie (Crypt:3)
  A cyclops (shapeshifter) (Vaults:5)
  38 ugly things
  5 oklob plants
  6 starcursed masses (WizLab)
  A fire giant zombie (D:15)
  3 shining eyes
  A tengu skeleton (Vaults:3)
  9 manticores
  A mana viper (shapeshifter) (Depths:3)
  9 cyclopes
  A stone giant skeleton (Crypt:2)
  8 elephants
  13 merfolk sirens
  An eye of devastation (WizLab)
  A water nymph (shapeshifter) (Depths:1)
  5 moths of wrath
  4 black mambas
  9 vault sentinels
  A centaur skeleton (D:13)
  A black mamba (shapeshifter) (Depths:2)
  2 rust devils
  2 smoke demons
  3 water nymphs (Shoals:4)
  A spectral iron troll (Crypt:1)
  A torpor snail (Spider:1)
  2 cane toads
  35 yaktaurs
  4 spectral swamp worms (Depths:4)
  A black draconian zombie (Crypt:1)
  8 rime drakes
  An emperor scorpion zombie (Crypt:3)
  2 ice devils (IceCv)
  A queen ant zombie (Crypt:2)
  A tengu conjurer (D:15)
  A spectral deep troll (Crypt:1)
  7 demonic crawlers
  5 komodo dragons
  8 freezing wraiths
  A hellwing (Orc:2)
  A guardian mummy (Crypt:3)
  A queen bee (Lair:3)
  A polar bear (shapeshifter) (Elf:3)
  2 hydra zombies
  31 merfolk
  2 red devils
  A harpy zombie (Crypt:3)
  4 trolls
  27 jumping spiders
  6 hornets
  A hydra skeleton (Hell)
  11 slime creatures
  A bog body (Crypt:2)
  4 blink frogs
  2 wind drakes
  An alligator zombie (Crypt:1)
  13 snapping turtles
  7 hippogriffs
  A meliai zombie (D:13)
  10 flying skulls (D:14)
  8 dream sheep
  2 hippogriffs (shapeshifter)
  4 shadows
  2 alligator skeletons
  A fire dragon skeleton (D:15)
  20 water elementals
  10 wraiths
  56 redbacks
  24 tarantellas
  A yak (shapeshifter) (Vaults:2)
  A human (shapeshifter) (Vaults:4)
  2 vampires (D:15)
  7 fire elementals
  5 steam dragons
  5 yaks
  A vampire mosquito (D:15)
  3 wyverns
  8 basilisks
  4 golden eyes
  A warg (Vaults:3)
  A hydra simulacrum (Hell)
  A naga (shapeshifter) (Depths:2)
  An acid dragon (D:8)
  A gelid demonspawn zombie (Crypt:1)
  A water moccasin (Lair:3)
  A cane toad zombie (Hell)
  2 hell hounds (Lair:6)
  2 porcupines
  22 orc warriors
  2 sky beasts
  A snapping turtle zombie (Crypt:3)
  2 phantoms
  An ice beast (D:12)
  An eye of draining (shapeshifter) (Vaults:4)
  8 boggarts
  A black bear (shapeshifter) (Vaults:4)
  2 human skeletons (Vaults:3)
  5 necrophages (Crypt:3)
  16 ogres
  2 wolves (Lair:6)
  14 centaurs
  2 lemures (D:9)
  3 crocodiles
  3 bullfrogs
  An earth elemental (Elf:3)
  A cane toad simulacrum (Hell)
  2 wyvern skeletons (Crypt:3)
  A water moccasin zombie (Crypt:2)
  An entropy weaver zombie (Vaults:4)
  4 killer bees (Lair:3)
  5 wights
  A howler monkey (D:14)
  2 bullfrog zombies
  7 orc wizards
  15 orc priests
  A bullfrog skeleton (D:12)
  2 worker ants
  A worker ant zombie (D:9)
  A shadow imp (Depths:3)
  An adder skeleton (D:10)
  20 orcs
  A ball python (shapeshifter) (Vaults:5)
  An ogre zombie (Vaults:4)
  An orc zombie (Vaults:4)
  2 bushes (Lair:6)
  3 crawling corpses (Elf:3)
  2 fungi (Elf:3)
  6 plants
  8 starspawn tentacles (WizLab)
  A withered plant (Crypt:3)
1414 creatures vanquished.

Vanquished Creatures (others)
  4 profane servitors
  A bone dragon (Hell)
  A draconian knight (Zot:5)
  12 ghouls
  16 vampire knights
  15 skeletal warriors
  A shadow wraith (Vaults:4)
  14 flayed ghosts
  18 phantasmal warriors
  A deep elf mage (Elf:1)
  A cane toad (Lair:6)
  A jumping spider (shapeshifter) (D:14)
  A wind drake (Shoals:4)
  5 flying skulls
  A water elemental (Shoals:4)
  5 wraiths
  13 vampires
  A golden eye (Slime:4)
  8 very ugly thing zombies
  A storm dragon zombie (Vaults:5)
  2 wights
  13 redback zombies
  A dire elephant zombie (Crypt:1)
  A purple draconian zombie (Crypt:1)
  4 stone giant zombies
  2 wolf spider zombies (Spider:1)
  A draconian zombie (Depths:5)
  A frost giant zombie (Vaults:5)
  2 tengu zombies
  8 spriggan zombies
  6 ugly thing zombies
  A ghoul skeleton (Vaults:5)
  A black draconian zombie (Depths:5)
  A green draconian zombie (Depths:5)
  3 hydra zombies
  3 black mamba zombies
  A death yak zombie (Lair:3)
  15 human zombies (Vaults:5)
  2 jumping spider zombies
  5 tarantella zombies
  A hornet zombie (Spider:4)
  A demonic crawler zombie (Spider:3)
  A wind drake zombie (Shoals:4)
  4 elf zombies (Vaults:5)
  2 fire dragon zombies
  3 ice dragon zombies
  7 elephant zombies
  4 merfolk zombies
  3 centaur zombies
  5 wolf zombies (Lair:6)
  A blink frog skeleton (Lair:2)
  3 blink frog zombies (Lair:6)
  A dream sheep zombie (Lair:2)
  A hippogriff zombie (Lair:6)
  4 komodo dragon zombies
  A polar bear zombie (Lair:5)
  A two-headed ogre zombie (Vaults:5)
  6 yaktaur zombies
  3 cane toad zombies
  3 orb spider zombies
  A rime drake zombie (Lair:3)
  A warg zombie (Orc:2)
  2 troll zombies
  14 yak zombies
  2 bullfrog zombies
  A hound zombie (D:12)
  14 killer bee zombies (Lair:3)
  4 ogre zombies
  36 orc zombies
  A scorpion zombie (D:8)
  A steam dragon zombie (Lair:6)
  A yak skeleton (D:10)
  5 demonic plants (WizLab)
  134 fungi
  277 plants
  11 starspawn tentacles (WizLab)
  53 withered plants
806 creatures vanquished.

Grand Total: 4136 creatures vanquished
